 Dungeon Crawl Stone Soup version 0.31-a0-152-g6aa68a64a1 (webtiles) character file.

Game seed: 5673155959052885442

522827 qw the Conqueror (level 24, -19/224 HPs)
             Began as a Minotaur Hunter on June 8, 2023.
             Was an Elder of Okawaru.
             Killed from afar by an orb of fire (24 damage)
             ... with a fireball
             ... on level 5 of the Realm of Zot on June 9, 2023.
             The game lasted 00:31:24 (50460 turns).

qw the Conqueror (Minotaur Hunter)                 Turns: 50460, Time: 00:31:25

Health: -19/224    AC: 23    Str: 28    XL:     24   Next: 16%
Magic:  28/28      EV: 40    Int:  6    God:    Okawaru [****..]
Gold:   4210       SH:  0    Dex: 29    Spells: 23/23 levels left

rFire   + + .        e - +8 longbow "Kuocvumi" {speed, rPois Str+5}
rCold   + . .        (shield currently unavailable)
rNeg    + + .        D - +0 ring mail of Hedging {rF+++ rN+ Str+4}
rPois   +            (helmet unavailable)
rElec   .            g - +2 cloak
rCorr   +            k - +2 pair of gloves
SInv    .            G - +2 pair of boots {Fly}
Will    +....        d - amulet of faith
Stlth   +++          n - +6 ring of dexterity
HPRegen 0.57/turn    F - ring "Gemahos" {Ice rN+ rCorr Slay+5}
MPRegen 0.21/turn

%: faith
@: about to teleport, heroic, flying
A: horns 3, retaliatory headbutt, fangs 1, frail 1, low MP 2, teleportitis 1,
noise suppression
}: 3/15 runes: barnacled, silver, gossamer
a: Renounce Religion, Heroism, Finesse


You were on level 5 of the Realm of Zot.
You worshipped Okawaru.
Okawaru was greatly pleased with you.
You visited 8 branches of the dungeon, and saw 44 of its levels.
You also visited: Gauntlet.

You collected 5990 gold pieces.
You spent 1780 gold pieces at shops.


Innate Abilities, Weirdness & Mutations

You have a pair of large horns on your head.
You reflexively headbutt those who attack you in melee.
You have very sharp teeth.
You are frail. (-10% HP)
Your magical capacity is very low. (-20% MP)
You are occasionally teleported next to monsters.
You passively dampen the noise of your surroundings.


   Skills:
 O Level 27 Fighting
 - Level 22.0(27) Ranged Weapons
 - Level 22.0(27) Armour
 - Level 22.0(27) Dodging
 - Level 0.7(5.7) Stealth
 + Level 19.2 Invocations


You had 23 spell levels left.
You didn't know any spells.
Your spell library was empty.

Inventory:

Hand Weapons
 e - the +8 longbow "Kuocvumi" (weapon) {speed, rPois Str+5}
   (Okawaru gifted it to you on level 1 of the Lair of Beasts)

   Str:       It affects your strength (+5).
   rPois:     It protects you from poison.
 s - the +1 triple crossbow of Ascent {elec, rElec rCorr Str-2 Stlth+}
   (Okawaru gifted it to you on level 2 of the Lair of Beasts)

   Str:       It affects your strength (-2).
   rElec:     It insulates you from electricity.
   rCorr:     It protects you from acid and corrosion.
   Stlth:     It makes you more stealthy.
 z - a +4 triple crossbow of flaming
Armour
 g - a +2 cloak (worn)
 k - a +2 pair of gloves (worn)
 p - the +2 ring mail of Death's Door {rC- Will++ Dex+6}
   (You found it on level 2 of the Vaults)

   Dex:       It affects your dexterity (+6).
   rC:        It makes you vulnerable to cold.
   Will:      It greatly increases your willpower.
 w - a +3 ring mail of fire resistance
 A - a +3 troll leather armour {Snorg}
 B - a +2 hat of willpower
 D - the +0 ring mail of Hedging (worn) {rF+++ rN+ Str+4}
   (You found it on level 4 of the Shoals)

   Str:       It affects your strength (+4).
   rF:        It renders you almost immune to fire.
   rN:        It protects you from negative energy.
 G - a +2 pair of boots of flying (worn)
Jewellery
 c - the amulet "Ticeesh" {Spirit rF+ rCorr}
   (You found it in a Gauntlet)

   [amulet of guardian spirit]

   It causes incoming damage to be divided between your reserves of health and
   magic.
   rF:        It protects you from fire.
   rCorr:     It protects you from acid and corrosion.
 d - an amulet of faith (around neck)
 m - the amulet of Kabrod {RegenMP rN++ Regen+ MP-9 Stlth+}
   (You found it on level 2 of the Lair of Beasts)

   [amulet of magic regeneration]

   It increases your rate of magic regeneration.
   rN:        It greatly protects you from negative energy.
   MP:        It affects your magic capacity (-9).
   Regen:     It increases your rate of health regeneration.
   Stlth:     It makes you more stealthy.
 n - a +6 ring of dexterity (left hand)
 y - an amulet of reflection
 E - the amulet of Ziwid {-Tele rPois rN++ Will+ Regen+}
   (You bought it in a shop on level 4 of the Depths)

   [amulet of regeneration]

   rPois:     It protects you from poison.
   rN:        It greatly protects you from negative energy.
   -Tele:     It prevents most forms of teleportation.
   Regen:     It increases your rate of health regeneration.
   Will:      It increases your willpower.
 F - the ring "Gemahos" (right hand) {Ice rN+ rCorr Slay+5}
   (You bought it in a shop on level 4 of the Depths)

   [ring of ice]

   It enhances your ice magic.
   Slay:      It affects your accuracy & damage with ranged weapons and melee
   (+5).
   rF:        It makes you vulnerable to fire.
   rC:        It protects you from cold.
   rN:        It protects you from negative energy.
   rCorr:     It protects you from acid and corrosion.
 Y - the ring "Gios" {rN+ Str+4 Int-3 Dex+6 Stlth+}
   (You found it on level 10 of the Dungeon)

   [ring of dexterity]

   Str:       It affects your strength (+4).
   Int:       It affects your intelligence (-3).
   Dex:       It affects your dexterity (+6).
   rN:        It protects you from negative energy.
   Stlth:     It makes you more stealthy.
Wands
 i - a wand of digging (10)
Scrolls
 a - 7 scrolls of identify
 q - 19 scrolls of teleportation
 r - 11 scrolls of enchant weapon
 C - 3 scrolls of brand weapon
Potions
 b - 7 potions of haste
 h - 9 potions of might
 j - 4 potions of heal wounds
 l - 3 potions of magic
 o - 12 potions of curing
 v - 5 potions of cancellation
 x - 4 potions of mutation

Dungeon Overview and Level Annotations

Branches:
Dungeon (15/15)            Temple (0/1) D:4            Lair (5/5) D:9
 Shoals (4/4) Lair:2       Spider (4/4) Lair:3        Slime (0/5) Lair:4
    Orc (2/2) D:12            Elf (0/3) Orc:2        Vaults (5/5) D:13
  Crypt (0/3) Vaults:2     Depths (4/4) D:15            Zot (5/5) Depths:4
Gauntlet (visited)

Altars:
Ashenzari
Cheibriados
Elyvilon
Fedhas
Gozag
Makhleb
Nemelex Xobeh
Okawaru
Qazlal
Sif Muna
Trog
Uskayaw
Vehumet
Xom
Yredelemnul
The Shining One
Jiyva

Shops:
D:3 (   D:5 :(   D:6 *   D:9 *   D:11 :   D:15 (   Orc:1 :   Orc:2 *(::
Shoals:2 [   Shoals:3 *   Vaults:3 :   Depths:1 :=   Depths:4 ==:

Portals:
Hell: Depths:1 Depths:2 Depths:3* Depths:4
Abyss: Depths:3
Pandemonium: Depths:2
Ziggurat: Depths:3

Annotations:
Lair:5 1 runed translucent door, qw's ghost, journeyman GrFi
Spider:4 2 transporters, qw's ghost, adept MiHu
Vaults:4 1 runed translucent door
Zot:4 6 transporters


Message History

The bolt of fire hits you!! You resist.
The orb of fire glows yellow.
Strange energies course through your body.
You feel weirdly uncertain.
50459 ||| READING 20 scrolls of teleportation.
As you read the scroll of teleportation, it crumbles to dust.
You feel strangely unstable.
You feel the Orb delaying your translocation!
The sentinel's mark upon you fades away.
The orb of fire glows bright magenta.
The fireball explodes!
The fireball engulfs the orb of fire.
The orb of fire completely resists.
The fireball engulfs the orb of fire.
The orb of fire completely resists.
The fireball engulfs the orb of fire.
The orb of fire completely resists.
The fireball engulfs you! You resist.
The orb of fire emits a lurid red light.
The bolt of fire misses you.
A red draconian scorcher comes into view.
It is wielding a +0 rapier.
The orb of fire emits a lurid red light.
The fireball explodes!
The fireball engulfs the orb of fire.
The orb of fire completely resists.
The fireball engulfs the orb of fire.
The orb of fire completely resists.
The fireball engulfs the orb of fire.
The orb of fire completely resists.
The fireball engulfs you!! You resist.
50460 ||| DRINKING 5 potions of heal wounds.
You feel much better.
The orb of fire glows red.
The fireball explodes!
The fireball engulfs the orb of fire.
The orb of fire completely resists.
The fireball engulfs the orb of fire.
The orb of fire completely resists.
The fireball engulfs the orb of fire.
The orb of fire completely resists.
The fireball engulfs you!! You resist.
The orb of fire glows yellow.
The fireball explodes!
The fireball engulfs the orb of fire.
The orb of fire completely resists.
The fireball engulfs the orb of fire.
The orb of fire completely resists.
The fireball engulfs the orb of fire.
The orb of fire completely resists.
The fireball engulfs the orb of fire.
The orb of fire completely resists.
The fireball engulfs the orb of fire.
The orb of fire completely resists.
The fireball engulfs you! You resist.
You hear a loud "Zot"!
The orb of fire glows deep purple.
The fireball explodes!
The fireball engulfs you!! You resist.
You die...

##.............##
#.............#
##.....^.....##
.......
#...........#
.......
##...........##
.......
#.............#
.......
##.............##
.......
##...d.q......^..#
.L.....
###@..###########^..
....[.y##***.## ##..
...**1**.**### ###
############ #


You could see 7 orbs of fire, a purple draconian and a red draconian scorcher.

Vanquished Creatures
  3 dread liches
  An ancient lich (Vaults:5)
  An orb of fire (Zot:3)
  Mennas (Vaults:2)
  Margery (Vaults:3)
  A curse toe (Zot:5)
  Xtahua (Vaults:3)
  A shard shrike (Zot:3)
  A caustic shrike (Depths:3)
  A bone dragon (Zot:1)
  9 golden dragons
  Jory (Vaults:3)
  3 electric golems
  2 hellephants (Depths:1)
  19 tentacled monstrosities
  9 Orb Guardians (Zot:5)
  2 walking earthen tomes (Depths:3)
  3 liches
  11 titans
  Asterion (Spider:1)
  5 quicksilver dragons
  5 sphinxes
  8 death cobs
  Agnes (Spider:2)
  9 tengu reavers
  14 shadow dragons
  Donald (Spider:2)
  3 draconian monks
  14 storm dragons
  8 fire giants
  Roxanne (D:14)
  A fenstrider witch (Shoals:2)
  20 vault wardens
  3 emperor scorpions (Spider:4)
  9 frost giants
  A balrug (D:14)
  5 ghost moths
  A deep elf sorcerer (Vaults:5)
  Louise (Depths:3)
  2 iron dragons (Vaults:5)
  2 orc warlords (Vaults:4)
  7 draconian scorchers
  4 spriggan defenders
  2 draconian shifters (Zot:1)
  A draconian stormcaller (Zot:3)
  18 ironbound preservers
  9 very ugly things
  3 broodmothers (Spider:2)
  3 ironbound thunderhulks
  3 draconian annihilators
  10 stone giants
  A broodmother (shapeshifter) (Vaults:3)
  4 formless jellyfish
  4 war gargoyles
  3 deep elf demonologists (Vaults:5)
  4 purple draconians
  6 black draconians
  2 deep elf annihilators (Vaults:5)
  4 dire elephants
  7 green draconians
  8 red draconians
  4 yellow draconians
  8 white draconians
  An eleionoma (shapeshifter) (Depths:3)
  3 spark wasps
  A minotaur (Gauntlet)
  2 crystal guardians
  Snorg (D:12)
  11 ettins
  7 merfolk javelineers
  3 blizzard demons
  14 merfolk impalers (Shoals:4)
  19 yaktaur captains
  6 great orbs of eyes
  4 deep elf high priests
  3 entropy weavers
  7 fire dragons
  3 hydras
  37 vault guards
  A hydra (shapeshifter) (Vaults:4)
  4 peacekeepers
  5 merfolk avatars
  10 ice dragons
  2 spriggan air magi
  8 merfolk aquamancers
  2 rakshasas
  An alligator snapping turtle (Shoals:4)
  A spriggan skeleton (Depths:2)
  6 ironbound frosthearts
  4 radroaches
  8 boulder beetles
  A centaur warrior (D:13)
  A two-headed ogre (shapeshifter) (Depths:3)
  A catoblepas (Lair:5)
  4 satyrs
  7 two-headed ogres
  2 jorogumos (Spider:1)
  An ogre mage (Vaults:5)
  5 deep troll shamans
  2 death knights (Vaults:2)
  3 death yaks
  6 tengu warriors
  3 orc high priests (Orc:2)
  A vampire mage (Depths:2)
  8 hell hogs (Depths:1)
  An alligator (shapeshifter) (Vaults:3)
  4 deep troll earth magi
  8 demonic crawlers
  8 spriggan berserkers
  19 spriggans
  Urug (Lair:2)
  A deep elf knight (Vaults:5)
  4 iron trolls
  2 spectral death yaks (Lair:5)
  9 hell knights
  Lodul (D:14)
  2 pharaoh ants
  3 skysharks
  A fire crab (Lair:4)
  A spark wasp zombie (Depths:2)
  A spectral anaconda (Lair:5)
  A sun moth (Spider:4)
  11 sea snakes
  3 spriggan druids (Depths:2)
  A shadow wraith (Vaults:2)
  10 skeletal warriors
  10 orb spiders
  59 deep trolls
  16 ironbound convokers
  6 glowing orange brains
  A steelbarb worm (Spider:1)
  12 orc knights
  A flayed ghost (Depths:3)
  An obsidian statue (Lair:5)
  3 bog bodies (Shoals:3)
  10 wizards
  9 lindwurms
  A lindwurm (shapeshifter) (Depths:4)
  9 necromancers
  Pikel (D:7)
  4 orc sorcerers (Orc:2)
  5 phantasmal warriors
  A mana viper (shapeshifter) (Vaults:2)
  12 harpies
  35 ugly things
  A shadow dragon skeleton (Depths:2)
  2 deep elf zephyrmancers (Vaults:5)
  15 manticores
  11 wolf spiders
  3 deep elf pyromancers
  2 manticores (shapeshifter)
  A shining eye (Gauntlet)
  An oklob plant (Gauntlet)
  An elephant (shapeshifter) (Vaults:3)
  27 moths of wrath
  6 cyclopes
  Maurice (D:8)
  A water nymph (shapeshifter) (Vaults:3)
  7 merfolk sirens
  22 elephants (Lair:5)
  6 black mambas
  18 vault sentinels
  A torpor snail (Lair:1)
  10 water nymphs
  2 dire elephant zombies (Lair:5)
  A rust devil (D:14)
  2 gargoyles
  An orange demon (Depths:2)
  An eye of devastation (shapeshifter) (Vaults:3)
  3 rime drakes
  A komodo dragon (shapeshifter) (D:14)
  2 komodo dragons
  11 cane toads
  A yaktaur (shapeshifter) (Vaults:5)
  6 kobold demonologists
  2 dire elephant skeletons (Lair:5)
  42 yaktaurs
  A freezing wraith (Vaults:5)
  An efreet (D:14)
  3 ice devils
  3 red devils (D:14)
  7 trolls
  27 merfolk
  3 polar bears
  11 hornets
  6 meliai
  A wolf spider simulacrum (D:13)
  3 wind drakes
  11 blink frogs
  14 tarantellas
  4 spectral elephants (Lair:5)
  A tyrant leech (Lair:5)
  A dream sheep (shapeshifter) (Vaults:5)
  10 dream sheep
  8 snapping turtles
  A centaur simulacrum (D:14)
  57 slime creatures
  21 jumping spiders
  12 water elementals
  3 shadows
  14 culicivoras
  4 wyverns
  49 yaks
  A wraith (D:9)
  7 basilisks
  A vampire (D:10)
  17 vampire mosquitoes
  A steam dragon (D:7)
  Menkaure (D:7)
  58 redbacks
  A warg (Orc:1)
  3 acid dragons
  A spectral cane toad (Lair:5)
  2 swamp worms (Lair:5)
  15 water moccasins
  A water moccasin (shapeshifter) (Depths:4)
  2 hydra simulacra (Zot:3)
  A floating eye (Gauntlet)
  15 orc warriors
  A sky beast (D:7)
  3 ice beasts
  2 elephant zombies (Lair:5)
  2 black bears (Lair:3)
  9 centaurs
  13 ogres
  11 wolves (Lair:2)
  3 elephant skeletons (Lair:5)
  A lemure (D:7)
  Blork the orc (D:4)
  2 phantoms
  9 kobold brigands
  8 bullfrogs
  2 cane toad simulacra (Lair:5)
  3 scorpions
  5 gnoll sergeants
  A wight (D:8)
  17 killer bees
  An elephant simulacrum (Lair:5)
  3 electric eels (Spider:4)
  6 howler monkeys
  A lava snake (D:14)
  2 hounds
  2 jellies
  11 orc priests
  2 gnoll boudas
  Ijyb (D:3)
  2 sleepcaps
  7 hell rats (Lair:5)
  Natasha (thrice) (D:2 D:1)
  4 iguanas
  16 orc wizards
  13 gnolls
  13 adders
  A shadow imp (D:6)
  2 white imps
  2 worms
  3 dart slugs
  46 orcs
  7 bats
  7 endoplasms
  A giant cockroach (D:3)
  8 hobgoblins
  4 jackals (D:1)
  10 kobolds
  5 quokkas
  10 ball pythons
  5 frilled lizards
  2 goblins
  A rat (D:3)
1716 creatures vanquished.

Notes
Turn   | Place    | Note
-------+----------+-------------------------------------------
     0 | D:1      | qw the Minotaur Hunter began the quest for the Orb.
     0 | D:1      | Reached XP level 1. HP: 18/18 MP: 0/0
     0 | D:1      | 0 ||| qw: Version: 0.2-a-120-gdf1a93b
     0 | D:1      | 0 ||| qw: Game counter: 3155
     0 | D:1      | 0 ||| qw: Always use a shield: true
     0 | D:1      | 0 ||| qw: God list: Okawaru
     0 | D:1      | 0 ||| qw: Allow faded altars: false
     0 | D:1      | 0 ||| qw: Do Orc after D:15 true
     0 | D:1      | 0 ||| qw: Do second Lair branch before Depths: true
     0 | D:1      | 0 ||| qw: Lair rune preference: random
     0 | D:1      | 0 ||| qw: Plans: Normal
     0 | D:1      | 0 ||| PLANNING D:1-11
   150 | D:1      | Reached XP level 2. HP: 14/25 MP: 1/1
   359 | D:1      | Found a faded altar of an unknown god.
   617 | D:1      | Reached skill level 3 in Fighting
   960 | D:1      | 960 ||| UPGRADING to +1 pair of boots.
   965 | D:1      | 965 ||| UPGRADING to amulet of faith.
   970 | D:1      | 970 ||| READING 2 scrolls labelled GOCLUPHIBA.
   971 | D:1      | 971 ||| DROPPING scroll of butterflies.
  1125 | D:2      | Noticed Natasha
  1128 | D:2      | Killed Natasha
  1129 | D:2      | Reached XP level 3. HP: 31/31 MP: 2/2
  1395 | D:2      | Noticed Natasha
  1403 | D:2      | Killed Natasha
  1404 | D:2      | Reached skill level 6 in Ranged Weapons
  1404 | D:2      | Reached XP level 4. HP: 27/38 MP: 3/3
  1564 | D:2      | Noticed Natasha
  1566 | D:2      | 1566 ||| FLEEEEING.
  1567 | D:2      | 1567 ||| FLEEEEING.
  1568 | D:2      | 1568 ||| FLEEEEING.
  1569 | D:2      | 1569 ||| FLEEEEING.
  1570 | D:2      | 1570 ||| FLEEEEING.
  1571 | D:2      | 1571 ||| FLEEEEING.
  1572 | D:2      | 1572 ||| FLEEEEING.
  1573 | D:2      | 1573 ||| FLEEEEING.
  1574 | D:2      | 1574 ||| FLEEEEING.
  1575 | D:2      | 1575 ||| FLEEEEING.
  1576 | D:2      | 1576 ||| FLEEEEING.
  1581 | D:2      | 1581 ||| FLEEEEING.
  1582 | D:2      | 1582 ||| FLEEEEING.
  1583 | D:2      | 1583 ||| STAIRDANCE
  1609 | D:1      | 1609 ||| READING scroll labelled PAIPTO WOSOOPO.
  1610 | D:1      | 1610 ||| READING scroll labelled IXYARPH PAUNG.
  1716 | D:2      | 1716 ||| STAIRDANCE
  1722 | D:1      | Killed Natasha
  1723 | D:1      | Reached skill level 1 in Armour
  1860 | D:2      | 1860 ||| READING 2 scrolls of identify.
  1860 | D:2      | 1860 ||| IDENTIFYING bubbling cyan potion
  1936 | D:3      | 1936 ||| STAIRDANCE
  2018 | D:3      | Found a shimmering altar of Xom.
  2078 | D:3      | 2078 ||| FLEEEEING.
  2079 | D:3      | 2079 ||| FLEEEEING.
  2080 | D:3      | 2080 ||| FLEEEEING.
  2084 | D:3      | 2084 ||| STAIRDANCE
  2113 | D:3      | Reached XP level 5. HP: 46/46 MP: 4/4
  2261 | D:3      | Reached skill level 4 in Fighting
  2296 | D:3      | 2296 ||| SWAPPING to +0 arbalest.
  2299 | D:3      | 2299 ||| DROPPING +0 shortbow.
  2499 | D:3      | Reached XP level 6. HP: 26/52 MP: 5/5
  2815 | D:3      | Found Rousifawa's Antique Weapon Boutique.
  3170 | D:3      | 3170 ||| UPGRADING to +0 ring mail.
  3180 | D:3      | 3180 ||| DROPPING +0 leather armour.
  3181 | D:3      | 3181 ||| READING scroll labelled ZUEFFE XUXOIWE.
  3182 | D:3      | 3182 ||| DRINKING 2 silvery potions.
  3183 | D:3      | 3183 ||| READING 2 scrolls of identify.
  3183 | D:3      | 3183 ||| IDENTIFYING fuming coppery potion
  3218 | D:4      | Noticed Ijyb
  3227 | D:4      | 3227 ||| STAIRDANCE
  3229 | D:3      | HP: 9/52 [Ijyb/puff of flame (7)]
  3230 | D:3      | 3230 ||| DRINKING potion of heal wounds.
  3231 | D:3      | Killed Ijyb
  3363 | D:4      | Found an iron altar of Okawaru.
  3365 | D:4      | 3365 ||| PLANNING OKAWARU WORSHIP
  3365 | D:4      | 3365 ||| DRINKING 2 clear potions.
  3365 | D:4      | Gained mutation: You have large cloven feet. [potion of
                  | mutation]
  3365 | D:4      | Gained mutation: You have a pair of large horns on your
                  | head. [potion of mutation]
  3371 | D:4      | Became a worshipper of Warmaster Okawaru
  3371 | D:4      | 3371 ||| PLANNING D:1-11
  3416 | D:4      | Noticed Blork the orc
  3429 | D:4      | Killed Blork the orc
  3870 | D:4      | Found a staircase to the Ecumenical Temple.
  3971 | D:4      | Found a basalt altar of Yredelemnul.
  3978 | D:4      | Found a glowing golden altar of the Shining One.
  3980 | D:4      | Noticed an angel
  3982 | D:4      | 3982 ||| UPGRADING to +0 cloak.
  3987 | D:4      | 3987 ||| READING scroll labelled YLEUXT GAUPU.
  3991 | D:4      | 3991 ||| DRINKING 2 lumpy black potions.
  4095 | D:4      | 4095 ||| READING 2 scrolls of identify.
  4095 | D:4      | 4095 ||| IDENTIFYING grey potion
  4096 | D:4      | 4096 ||| DROPPING potion of degeneration.
  4097 | D:4      | 4097 ||| DROPPING potion of berserk rage.
  4112 | D:5      | Entered Level 5 of the Dungeon
  4114 | D:5      | 4114 ||| STAIRDANCE
  4185 | D:5      | 4185 ||| STAIRDANCE
  4193 | D:4      | Reached skill level 3 in Armour
  4193 | D:4      | Reached XP level 7. HP: 35/59 MP: 6/6
  4277 | D:5      | 4277 ||| STAIRDANCE
  4361 | D:5      | 4361 ||| STAIRDANCE
  4382 | D:5      | 4382 ||| STAIRDANCE
  4436 | D:5      | 4436 ||| STAIRDANCE
  4466 | D:5      | Reached skill level 5 in Fighting
  4470 | D:5      | Found Jacwelya's Self-Improvement Boutique.
  4495 | D:5      | Reached * piety under Okawaru
  4506 | D:5      | Found Juirivun's Antique Weapon Boutique.
  4570 | D:5      | Reached skill level 1 in Invocations
  4670 | D:5      | Found a radiant altar of Vehumet.
  4895 | D:5      | Found a broken altar of Ashenzari.
  5031 | D:5      | 5031 ||| DROPPING +6 ring of intelligence.
  5032 | D:5      | 5032 ||| UPGRADING to +6 ring of strength.
  5033 | D:5      | 5033 ||| READING 2 scrolls labelled SUG VABUGU.
  5034 | D:5      | 5034 ||| READING scroll labelled WOBUYR RAVY.
  5035 | D:5      | 5035 ||| READING 3 scrolls of identify.
  5035 | D:5      | 5035 ||| IDENTIFYING fizzy green potion
  5036 | D:5      | 5036 ||| DROPPING scroll of poison.
  5037 | D:5      | 5037 ||| DROPPING potion of invisibility.
  5039 | D:5      | 5039 ||| Stepping ~*~*~tactically~*~*~ (cloud).
  5188 | D:6      | 5188 ||| INVOKING Heroism.
  5190 | D:6      | Reached XP level 8. HP: 69/69 MP: 6/9
  5192 | D:6      | Reached skill level 3 in Invocations
  5396 | D:6      | Found an opulent altar of Gozag.
  5528 | D:6      | Found Xeitotyc's Assorted Antiques.
  5532 | D:6      | 5532 ||| BUYING encrusted brass wand (96 gold).
  5532 | D:6      | Bought an encrusted brass wand for 96 gold pieces
  5532 | D:6      | 5532 ||| BUYING murky orange potion (21 gold).
  5532 | D:6      | Bought a murky orange potion for 21 gold pieces
  5532 | D:6      | 5532 ||| BUYING runed lead wand (96 gold).
  5532 | D:6      | Bought a runed lead wand for 96 gold pieces
  5532 | D:6      | 5532 ||| BUYING scroll labelled XEILIM TEESEW (24 gold).
  5532 | D:6      | Bought a scroll labelled XEILIM TEESEW for 24 gold pieces
  5545 | D:6      | Reached ** piety under Okawaru
  5546 | D:6      | Reached skill level 3 in Dodging
  5796 | D:6      | 5796 ||| READING scroll labelled XEILIM TEESEW.
  5797 | D:6      | 5797 ||| READING 2 scrolls of identify.
  5797 | D:6      | 5797 ||| IDENTIFYING murky orange potion
  5798 | D:6      | 5798 ||| DROPPING wand of polymorph (5).
  5799 | D:6      | 5799 ||| DROPPING potion of enlightenment.
  5800 | D:6      | 5800 ||| DROPPING wand of quicksilver (5).
  5828 | D:7      | Reached skill level 9 in Ranged Weapons
  5831 | D:7      | 5831 ||| INVOKING Heroism.
  5920 | D:7      | Reached skill level 6 in Fighting
  6075 | D:7      | 6075 ||| READING scroll of enchant weapon.
  6075 | D:7      | 6075 ||| ENCHANTING +1 arbalest.
  6089 | D:7      | Found a stormy altar of Qazlal.
  6160 | D:7      | Noticed Menkaure
  6161 | D:7      | 6161 ||| INVOKING Heroism.
  6163 | D:7      | Killed Menkaure
  6271 | D:7      | 6271 ||| INVOKING Heroism.
  6277 | D:7      | Reached skill level 7 in Fighting
  6409 | D:7      | Reached XP level 9. HP: 79/79 MP: 11/11
  6447 | D:7      | Noticed Pikel
  6448 | D:7      | 6448 ||| INVOKING Heroism.
  6456 | D:7      | Killed Pikel
  6639 | D:8      | Found a shimmering blue altar of Sif Muna.
  6674 | D:8      | Found a sparkling altar of Nemelex Xobeh.
  6800 | D:8      | Reached *** piety under Okawaru
  6848 | D:8      | 6848 ||| INVOKING Heroism.
  6909 | D:8      | Found a bloodstained altar of Trog.
  7046 | D:8      | 7046 ||| INVOKING Heroism.
  7047 | D:8      | 7047 ||| Stepping ~*~*~tactically~*~*~ (outnumbered).
  7258 | D:8      | Found a blossoming altar of Fedhas.
  7268 | D:8      | 7268 ||| READING scroll of enchant armour.
  7268 | D:8      | 7268 ||| ENCHANTING +1 pair of boots.
  7572 | D:8      | Noticed Maurice
  7591 | D:8      | Killed Maurice
  7592 | D:8      | Reached skill level 12 in Ranged Weapons
  7720 | D:8      | 7720 ||| UPGRADING to +2 cloak.
  7730 | D:8      | 7730 ||| UPGRADING to +2 pair of gloves.
  7735 | D:8      | 7735 ||| DROPPING +0 cloak.
  7736 | D:8      | 7736 ||| READING scroll labelled TOPTIK LIATEU.
  7737 | D:8      | 7737 ||| DRINKING 2 bubbling pink potions.
  7799 | D:9      | 7799 ||| STAIRDANCE
  7801 | D:8      | 7801 ||| INVOKING Heroism.
  7952 | D:9      | Found Befae's Overcharged Wands.
  7964 | D:9      | Reached skill level 8 in Fighting
  8032 | D:9      | 8032 ||| INVOKING Heroism.
  8087 | D:9      | 8087 ||| INVOKING Heroism.
  8097 | D:9      | Reached XP level 10. HP: 85/88 MP: 10/12
  8378 | D:9      | Found a staircase to the Lair.
  8510 | D:9      | Reached **** piety under Okawaru
  8516 | D:9      | 8516 ||| INVOKING Heroism.
  8523 | D:9      | HP: 21/88 [yak (6)]
  8524 | D:9      | 8524 ||| DRINKING potion of heal wounds.
  8886 | D:9      | 8886 ||| PLANNING LAIR
  8886 | D:9      | 8886 ||| READING 3 scrolls of identify.
  8886 | D:9      | 8886 ||| IDENTIFYING smoky grey potion
  8887 | D:9      | 8887 ||| READING 2 scrolls of identify.
  8887 | D:9      | 8887 ||| IDENTIFYING golden potion
  8888 | D:9      | 8888 ||| DROPPING potion of attraction.
  8929 | Lair:1   | Entered Level 1 of the Lair of Beasts
  8963 | Lair:1   | 8963 ||| INVOKING Heroism.
  8971 | Lair:1   | Noticed a cane toad
  8980 | Lair:1   | Killed a cane toad
  8981 | Lair:1   | Reached skill level 9 in Fighting
  9006 | Lair:1   | Reached ***** piety under Okawaru
  9101 | Lair:1   | Reached skill level 6 in Invocations
  9144 | Lair:1   | Reached skill level 6 in Dodging
  9149 | Lair:1   | 9149 ||| INVOKING Heroism.
  9155 | Lair:1   | HP: 12/91 [yak (13)]
  9390 | Lair:1   | 9390 ||| INVOKING Heroism.
  9393 | Lair:1   | Received a gift from Okawaru
  9419 | Lair:1   | 9419 ||| INVOKING Heroism.
  9424 | Lair:1   | Identified the +8 longbow "Kuocvumi" {speed, rPois Str+5}
                  | (Okawaru gifted it to you on level 1 of the Lair of Beasts)
  9424 | Lair:1   | Received a gift from Okawaru
  9434 | Lair:1   | 9434 ||| SWAPPING to +8 longbow "Kuocvumi" {speed, rPois
                  | Str+5}.
  9435 | Lair:1   | 9435 ||| DROPPING +2 arbalest.
  9611 | Lair:1   | 9611 ||| INVOKING Heroism.
  9622 | Lair:1   | Reached XP level 11. HP: 97/97 MP: 13/15
  9713 | Lair:1   | Noticed a death yak
  9714 | Lair:1   | 9714 ||| INVOKING Heroism.
  9714 | Lair:1   | Noticed a death yak
  9715 | Lair:1   | 9715 ||| INVOKING Finesse.
  9720 | Lair:1   | Killed a death yak
  9734 | Lair:1   | Killed a death yak
 10128 | Lair:2   | Noticed a four-headed hydra
 10129 | Lair:2   | 10129 ||| INVOKING Heroism.
 10130 | Lair:2   | 10130 ||| INVOKING Finesse.
 10144 | Lair:2   | Killed a four-headed hydra
 10188 | Lair:2   | Identified the amulet of Kabrod {RegenMP rN++ Regen+ MP-9
                  | Stlth+}
 10285 | Lair:2   | 10285 ||| INVOKING Heroism.
 10290 | Lair:2   | Received a gift from Okawaru
 10400 | Lair:2   | 10400 ||| INVOKING Heroism.
 10444 | Lair:2   | 10444 ||| INVOKING Heroism.
 10453 | Lair:2   | Reached skill level 9 in Invocations
 10502 | Lair:2   | Noticed a harpy
 10505 | Lair:2   | Killed a harpy
 10506 | Lair:2   | Reached skill level 10 in Fighting
 10508 | Lair:2   | Noticed a harpy
 10513 | Lair:2   | 10513 ||| INVOKING Heroism.
 10527 | Lair:2   | Noticed a harpy
 10533 | Lair:2   | Killed a harpy
 10533 | Lair:2   | Received a gift from Okawaru
 10534 | Lair:2   | Noticed a harpy
 10537 | Lair:2   | Killed a harpy
 10542 | Lair:2   | Killed a harpy
 10586 | Lair:2   | 10586 ||| INVOKING Heroism.
 10593 | Lair:2   | Reached XP level 12. HP: 106/106 MP: 15/18
 10700 | Lair:2   | Identified the +1 triple crossbow of Ascent {elec, rElec
                  | rCorr Str-2 Stlth+} (Okawaru gifted it to you on level 2 of
                  | the Lair of Beasts)
 10700 | Lair:2   | Received a gift from Okawaru
 10701 | Lair:2   | Reached skill level 15 in Ranged Weapons
 10703 | Lair:2   | Noticed Urug
 10704 | Lair:2   | 10704 ||| INVOKING Heroism.
 10705 | Lair:2   | 10705 ||| INVOKING Finesse.
 10712 | Lair:2   | Killed Urug
 10793 | Lair:2   | 10793 ||| INVOKING Heroism.
 10827 | Lair:2   | Identified the +1 halberd "Ymegutabb" {freeze, SInv}
 10936 | Lair:2   | Found a staircase to the Shoals.
 11090 | Lair:2   | 11090 ||| READING scroll labelled YNIERA WETWETI.
 11209 | Lair:3   | 11209 ||| INVOKING Heroism.
 11400 | Lair:3   | 11400 ||| INVOKING Heroism.
 11486 | Lair:3   | Reached skill level 6 in Armour
 11519 | Lair:3   | Found a hole to the Spider Nest.
 11590 | Lair:3   | Received a gift from Okawaru
 11832 | Lair:3   | Reached skill level 11 in Fighting
 11834 | Lair:3   | Found a frozen archway.
 12045 | Lair:3   | 12045 ||| DROPPING +1 cloak.
 12070 | Lair:4   | 12070 ||| INVOKING Heroism.
 12167 | Lair:4   | 12167 ||| INVOKING Heroism.
 12422 | Lair:4   | Found a viscous altar of Jiyva.
 12423 | Lair:4   | Found a staircase to the Slime Pits.
 12432 | Lair:4   | 12432 ||| Stepping ~*~*~tactically~*~*~ (cloud).
 12730 | Lair:5   | Entered Level 5 of the Lair of Beasts
 12731 | Lair:5   | Noticed a five-headed hydra
 12732 | Lair:5   | 12732 ||| INVOKING Heroism.
 12733 | Lair:5   | 12733 ||| INVOKING Finesse.
 12740 | Lair:5   | Killed a five-headed hydra
 12819 | Lair:5   | Identified the +11 hand crossbow "Eluocw" {elec, rN+ Will+
                  | rCorr Str-2} (Okawaru gifted it to you on level 5 of the
                  | Lair of Beasts)
 12819 | Lair:5   | Received a gift from Okawaru
 12831 | Lair:5   | 12831 ||| INVOKING Heroism.
 12834 | Lair:5   | Reached XP level 13. HP: 62/116 MP: 16/19
 12874 | Lair:5   | 12874 ||| FLEEEEING.
 12875 | Lair:5   | 12875 ||| FLEEEEING.
 12876 | Lair:5   | 12876 ||| FLEEEEING.
 12877 | Lair:5   | 12877 ||| FLEEEEING.
 12878 | Lair:5   | 12878 ||| FLEEEEING.
 12882 | Lair:5   | 12882 ||| FLEEEEING.
 12883 | Lair:5   | 12883 ||| FLEEEEING.
 12884 | Lair:5   | 12884 ||| FLEEEEING.
 12885 | Lair:5   | 12885 ||| FLEEEEING.
 12886 | Lair:5   | 12886 ||| FLEEEEING.
 12887 | Lair:5   | 12887 ||| STAIRDANCE
 13040 | Lair:5   | Noticed qw's ghost (journeyman GrFi)
 13165 | Lair:5   | Noticed a dire elephant
 13166 | Lair:5   | Noticed a dire elephant
 13173 | Lair:5   | Noticed a dire elephant
 13174 | Lair:5   | 13174 ||| INVOKING Heroism.
 13194 | Lair:5   | Killed a dire elephant
 13269 | Lair:5   | 13269 ||| FLEEEEING.
 13270 | Lair:5   | 13270 ||| FLEEEEING.
 13271 | Lair:5   | 13271 ||| FLEEEEING.
 13272 | Lair:5   | 13272 ||| FLEEEEING.
 13273 | Lair:5   | 13273 ||| FLEEEEING.
 13274 | Lair:5   | 13274 ||| FLEEEEING.
 13275 | Lair:5   | 13275 ||| FLEEEEING.
 13276 | Lair:5   | 13276 ||| FLEEEEING.
 13277 | Lair:5   | 13277 ||| FLEEEEING.
 13278 | Lair:5   | 13278 ||| FLEEEEING.
 13279 | Lair:5   | 13279 ||| FLEEEEING.
 13280 | Lair:5   | 13280 ||| FLEEEEING.
 13281 | Lair:5   | 13281 ||| FLEEEEING.
 13282 | Lair:5   | 13282 ||| FLEEEEING.
 13283 | Lair:5   | 13283 ||| FLEEEEING.
 13284 | Lair:5   | 13284 ||| FLEEEEING.
 13291 | Lair:5   | Received a gift from Okawaru
 13292 | Lair:5   | Reached skill level 18 in Ranged Weapons
 13292 | Lair:5   | 13292 ||| FLEEEEING.
 13293 | Lair:5   | 13293 ||| FLEEEEING.
 13294 | Lair:5   | 13294 ||| FLEEEEING.
 13295 | Lair:5   | 13295 ||| FLEEEEING.
 13296 | Lair:5   | 13296 ||| FLEEEEING.
 13297 | Lair:5   | 13297 ||| FLEEEEING.
 13298 | Lair:5   | 13298 ||| FLEEEEING.
 13299 | Lair:5   | 13299 ||| FLEEEEING.
 13300 | Lair:5   | 13300 ||| FLEEEEING.
 13301 | Lair:5   | 13301 ||| FLEEEEING.
 13302 | Lair:5   | 13302 ||| FLEEEEING.
 13303 | Lair:5   | 13303 ||| FLEEEEING.
 13304 | Lair:5   | 13304 ||| FLEEEEING.
 13305 | Lair:5   | 13305 ||| FLEEEEING.
 13306 | Lair:5   | 13306 ||| FLEEEEING.
 13307 | Lair:5   | 13307 ||| FLEEEEING.
 13308 | Lair:5   | 13308 ||| FLEEEEING.
 13309 | Lair:5   | 13309 ||| FLEEEEING.
 13310 | Lair:5   | 13310 ||| FLEEEEING.
 13311 | Lair:5   | 13311 ||| FLEEEEING.
 13312 | Lair:5   | 13312 ||| FLEEEEING.
 13313 | Lair:5   | 13313 ||| FLEEEEING.
 13314 | Lair:5   | 13314 ||| FLEEEEING.
 13315 | Lair:5   | 13315 ||| FLEEEEING.
 13316 | Lair:5   | 13316 ||| FLEEEEING.
 13317 | Lair:5   | 13317 ||| FLEEEEING.
 13318 | Lair:5   | 13318 ||| FLEEEEING.
 13319 | Lair:5   | 13319 ||| FLEEEEING.
 13320 | Lair:5   | 13320 ||| STAIRDANCE
 13379 | Lair:5   | 13379 ||| INVOKING Heroism.
 13574 | Lair:5   | 13574 ||| INVOKING Heroism.
 13575 | Lair:5   | 13575 ||| INVOKING Finesse.
 13576 | Lair:5   | 13576 ||| Stepping ~*~*~tactically~*~*~ (outnumbered).
 13583 | Lair:5   | 13583 ||| Stepping ~*~*~tactically~*~*~ (cloud).
 13640 | Lair:5   | Reached skill level 12 in Fighting
 13747 | Lair:5   | Found a runed translucent door.
 13770 | Lair:5   | Received a gift from Okawaru
 13808 | Lair:5   | Reached skill level 9 in Dodging
 13848 | Lair:5   | 13848 ||| INVOKING Heroism.
 13947 | Lair:5   | 13947 ||| INVOKING Heroism.
 14067 | Lair:5   | 14067 ||| INVOKING Heroism.
 14226 | Lair:5   | 14226 ||| INVOKING Heroism.
 14240 | Lair:5   | Killed a dire elephant
 14247 | Lair:5   | Killed a dire elephant
 14353 | Lair:5   | Identified the +3 longbow "Geamits" {speed, rElec Str+2
                  | Int-4 Dex+2}
 14377 | Lair:5   | 14377 ||| INVOKING Heroism.
 14378 | Lair:5   | 14378 ||| INVOKING Finesse.
 14379 | Lair:5   | 14379 ||| Stepping ~*~*~tactically~*~*~ (outnumbered).
 14425 | Lair:5   | 14425 ||| INVOKING Heroism.
 14426 | Lair:5   | 14426 ||| READING scroll labelled ICKA YRUISASS.
 14427 | Lair:5   | 14427 ||| READING 2 scrolls of identify.
 14427 | Lair:5   | 14427 ||| IDENTIFYING black potion
 14428 | Lair:5   | 14428 ||| DROPPING potion of lignification.
 14437 | Lair:5   | Reached skill level 13 in Fighting
 14437 | Lair:5   | Reached XP level 14. HP: 129/129 MP: 18/20
 14972 | Lair:5   | Received a gift from Okawaru
 14981 | Lair:5   | 14981 ||| UPGRADING to ring of resist corrosion.
 14982 | Lair:5   | 14982 ||| READING scroll labelled WICAFU COTE.
 15034 | Lair:5   | 15034 ||| INVOKING Heroism.
 15035 | Lair:5   | 15035 ||| INVOKING Finesse.
 15119 | Lair:5   | 15119 ||| PLANNING D:1-11
 15119 | Lair:5   | 15119 ||| UPGRADING to +1 steam dragon scales.
 15129 | Lair:5   | 15129 ||| DROPPING +0 ring mail.
 15243 | D:10     | Entered Level 10 of the Dungeon
 15467 | D:10     | Identified the ring "Gios" {rN+ Str+4 Int-3 Dex+6 Stlth+}
 15502 | D:10     | Identified the +11 quarterstaff of Ikaps {elec, rPois rN+
                  | Str+2}
 15607 | D:10     | 15607 ||| DROPPING ring of ice.
 15608 | D:10     | 15608 ||| UPGRADING to ring "Gios" {rN+ Str+4 Int-3 Dex+6
                  | Stlth+}.
 15610 | D:10     | 15610 ||| UPGRADING to +6 ring of strength.
 15612 | D:10     | 15612 ||| DROPPING ring of resist corrosion.
 15617 | D:11     | 15617 ||| PLANNING GAUNTLET
 15665 | D:11     | 15665 ||| READING scroll of enchant armour.
 15665 | D:11     | 15665 ||| ENCHANTING +1 steam dragon scales.
 15728 | D:11     | 15728 ||| Stepping ~*~*~tactically~*~*~ (outnumbered).
 15730 | D:11     | 15730 ||| Stepping ~*~*~tactically~*~*~ (outnumbered).
 15732 | D:11     | 15732 ||| Stepping ~*~*~tactically~*~*~ (outnumbered).
 15734 | D:11     | 15734 ||| Stepping ~*~*~tactically~*~*~ (outnumbered).
 15736 | D:11     | 15736 ||| Stepping ~*~*~tactically~*~*~ (outnumbered).
 15738 | D:11     | 15738 ||| Stepping ~*~*~tactically~*~*~ (outnumbered).
 15740 | D:11     | 15740 ||| Stepping ~*~*~tactically~*~*~ (outnumbered).
 15744 | D:11     | 15744 ||| Stepping ~*~*~tactically~*~*~ (outnumbered).
 15764 | D:11     | Found a gate leading to a gauntlet.
 15765 | D:11     | 15765 ||| DROPPING amulet of regeneration.
 15773 | Gauntlet | Entered a Gauntlet
 15773 | Gauntlet | Found a transporter.
 15780 | Gauntlet | Found a transporter.
 15783 | Gauntlet | Found a transporter.
 15797 | Gauntlet | Found a transporter.
 15801 | Gauntlet | Found a transporter.
 15806 | Gauntlet | Found a transporter.
 15824 | Gauntlet | Found a transporter.
 15835 | Gauntlet | Found a transporter.
 15847 | Gauntlet | Found a transporter.
 15858 | Gauntlet | Found a transporter.
 15860 | Gauntlet | Found a transporter.
 15879 | Gauntlet | Found a transporter.
 15889 | Gauntlet | Found a runed translucent gate.
 15890 | Gauntlet | Found a runed translucent gate.
 15890 | Gauntlet | Found a transporter.
 15944 | Gauntlet | Found a transporter.
 16012 | Gauntlet | Found a runed translucent gate.
 16029 | Gauntlet | Gained mutation: You occasionally lose the ability to drink
                  | potions when taking damage. [a shining eye]
 16031 | Gauntlet | Gained mutation: You are clumsy. (Dex -2) [a shining eye]
 16034 | Gauntlet | Gained mutation: You do not regenerate when monsters are
                  | visible. [a shining eye]
 16037 | Gauntlet | 16037 ||| DRINKING potion of mutation.
 16037 | Gauntlet | Lost mutation: You have a pair of large horns on your head.
                  | [potion of mutation]
 16037 | Gauntlet | Lost mutation: You are clumsy. (Dex -2) [potion of
                  | mutation]
 16037 | Gauntlet | Lost mutation: You occasionally lose the ability to drink
                  | potions when taking damage. [potion of mutation]
 16046 | Gauntlet | 16046 ||| DRINKING potion of mutation.
 16046 | Gauntlet | Lost mutation: You have large cloven feet. [potion of
                  | mutation]
 16046 | Gauntlet | Lost mutation: You do not regenerate when monsters are
                  | visible. [potion of mutation]
 16046 | Gauntlet | Gained mutation: Your magical capacity is low. (-10% MP)
                  | [potion of mutation]
 16046 | Gauntlet | Gained mutation: You passively dampen the noise of your
                  | surroundings. [potion of mutation]
 16046 | Gauntlet | Gained mutation: You have very sharp teeth. [potion of
                  | mutation]
 16065 | Gauntlet | 16065 ||| INVOKING Heroism.
 16248 | Gauntlet | Identified the amulet "Ticeesh" {Spirit rF+ rCorr}
 16261 | Gauntlet | 16261 ||| INVOKING Heroism.
 16286 | Gauntlet | Identified the staff of cold "Getzuiz" {rElec rC+ Will-
                  | Str+3 Int+3}
 16353 | Gauntlet | 16353 ||| UPGRADING to +6 ring of dexterity.
 16355 | Gauntlet | 16355 ||| DROPPING ring of ice.
 16356 | Gauntlet | 16356 ||| UPGRADING to ring "Gios" {rN+ Str+4 Int-3 Dex+6
                  | Stlth+}.
 16358 | Gauntlet | 16358 ||| DROPPING +6 ring of strength.
 16373 | D:11     | 16373 ||| PLANNING D:1-11
 16659 | D:11     | Found Byulempa's Book Boutique.
 16702 | D:11     | 16702 ||| Stepping ~*~*~tactically~*~*~ (outnumbered).
 16715 | D:11     | 16715 ||| Stepping ~*~*~tactically~*~*~ (outnumbered).
 16717 | D:11     | 16717 ||| Stepping ~*~*~tactically~*~*~ (outnumbered).
 16718 | D:11     | 16718 ||| Stepping ~*~*~tactically~*~*~ (outnumbered).
 16763 | D:11     | 16763 ||| PLANNING D
 16763 | D:11     | 16763 ||| READING scroll labelled XAUQUR XONIO.
 16764 | D:11     | 16764 ||| READING 2 scrolls of identify.
 16764 | D:11     | 16764 ||| IDENTIFYING glowing pink potion
 16942 | D:12     | 16942 ||| INVOKING Heroism.
 16943 | D:12     | 16943 ||| Stepping ~*~*~tactically~*~*~ (outnumbered).
 16945 | D:12     | Reached skill level 12 in Dodging
 17236 | D:12     | Noticed Snorg
 17237 | D:12     | 17237 ||| INVOKING Heroism.
 17238 | D:12     | 17238 ||| INVOKING Finesse.
 17247 | D:12     | Killed Snorg
 17447 | D:12     | Found a staircase to the Orcish Mines.
 17448 | D:12     | 17448 ||| Stepping ~*~*~tactically~*~*~ (outnumbered).
 17472 | D:12     | Received a gift from Okawaru
 17645 | D:12     | 17645 ||| FLEEEEING.
 17646 | D:12     | 17646 ||| FLEEEEING.
 17759 | D:12     | 17759 ||| UPGRADING to +0 troll leather armour.
 17769 | D:12     | 17769 ||| DROPPING +2 steam dragon scales.
 17770 | D:12     | 17770 ||| UPGRADING to +3 troll leather armour {Snorg}.
 17780 | D:12     | 17780 ||| DROPPING +0 troll leather armour.
 17781 | D:12     | 17781 ||| UPGRADING to +0 hat of willpower.
 17786 | D:12     | 17786 ||| DROPPING amulet of the acrobat.
 17787 | D:12     | 17787 ||| READING 3 scrolls of identify.
 17787 | D:12     | 17787 ||| IDENTIFYING red potion
 17788 | D:12     | 17788 ||| DROPPING potion of brilliance.
 17848 | D:13     | 17848 ||| INVOKING Heroism.
 17849 | D:13     | 17849 ||| INVOKING Finesse.
 18008 | D:13     | 18008 ||| INVOKING Heroism.
 18109 | D:13     | Found a gate to the Vaults.
 18208 | D:13     | 18208 ||| Stepping ~*~*~tactically~*~*~ (outnumbered).
 18220 | D:13     | 18220 ||| Stepping ~*~*~tactically~*~*~ (outnumbered).
 18305 | D:13     | 18305 ||| INVOKING Heroism.
 18338 | D:13     | Reached XP level 15. HP: 137/137 MP: 19/19
 18488 | D:13     | Reached skill level 14 in Fighting
 18594 | D:13     | 18594 ||| DROPPING ring of wizardry.
 18661 | D:14     | 18661 ||| INVOKING Heroism.
 18710 | D:14     | Found a burning altar of Makhleb.
 18726 | D:14     | Identified the +0 leather armour of Experimentation {rCorr
                  | Dex+4}
 18727 | D:14     | Identified the staff of fire "Joott" {rF+ rC+ Will++ Str-2
                  | Int+4}
 18729 | D:14     | Identified the +1 great sword "Lanucs" {venom, rF- rC++
                  | Int+3 Dex+8}
 18754 | D:14     | Noticed Lodul
 18755 | D:14     | 18755 ||| INVOKING Heroism.
 18759 | D:14     | Killed Lodul
 18780 | D:14     | Identified the +7 trident "Ittine" {flame, rPois rN+}
 18818 | D:14     | 18818 ||| Stepping ~*~*~tactically~*~*~ (outnumbered).
 18820 | D:14     | 18820 ||| Stepping ~*~*~tactically~*~*~ (outnumbered).
 18822 | D:14     | 18822 ||| Stepping ~*~*~tactically~*~*~ (outnumbered).
 18824 | D:14     | 18824 ||| Stepping ~*~*~tactically~*~*~ (outnumbered).
 18826 | D:14     | 18826 ||| Stepping ~*~*~tactically~*~*~ (outnumbered).
 19039 | D:14     | 19039 ||| INVOKING Heroism.
 19040 | D:14     | 19040 ||| INVOKING Finesse.
 19214 | D:14     | Found a hide-covered altar of Uskayaw.
 19283 | D:14     | Identified Roxanne's Reference Book on Stones
 19283 | D:14     | Noticed Roxanne
 19284 | D:14     | 19284 ||| INVOKING Heroism.
 19285 | D:14     | 19285 ||| INVOKING Finesse.
 19299 | D:14     | Killed Roxanne
 19300 | D:14     | Reached skill level 15 in Fighting
 19312 | D:14     | Received a gift from Okawaru
 19691 | D:14     | 19691 ||| DROPPING +1 pair of gloves.
 19692 | D:14     | 19692 ||| DROPPING ring of protection from fire.
 19709 | D:14     | 19709 ||| READING scroll labelled ANYCIASOUKK.
 19791 | D:15     | Entered Level 15 of the Dungeon
 19956 | D:15     | 19956 ||| INVOKING Heroism.
 20004 | D:15     | Found Beseqol's Antique Weapon Shop.
 20147 | D:15     | 20147 ||| FLEEEEING.
 20148 | D:15     | 20148 ||| FLEEEEING.
 20149 | D:15     | 20149 ||| FLEEEEING.
 20151 | D:15     | 20151 ||| FLEEEEING.
 20152 | D:15     | 20152 ||| FLEEEEING.
 20153 | D:15     | 20153 ||| FLEEEEING.
 20160 | D:15     | 20160 ||| FLEEEEING.
 20161 | D:15     | 20161 ||| FLEEEEING.
 20162 | D:15     | 20162 ||| FLEEEEING.
 20163 | D:15     | 20163 ||| FLEEEEING.
 20164 | D:15     | 20164 ||| FLEEEEING.
 20165 | D:15     | 20165 ||| FLEEEEING.
 20166 | D:15     | 20166 ||| FLEEEEING.
 20167 | D:15     | 20167 ||| FLEEEEING.
 20168 | D:15     | 20168 ||| FLEEEEING.
 20211 | D:15     | Found a staircase to the Depths.
 20212 | D:15     | 20212 ||| INVOKING Heroism.
 20244 | D:15     | Reached skill level 15 in Dodging
 20406 | D:15     | Identified the +3 quarterstaff "Zoell" {freeze, rElec rPois
                  | Stlth+}
 20635 | D:15     | 20635 ||| INVOKING Heroism.
 20674 | D:15     | 20674 ||| PLANNING ORC
 20674 | D:15     | 20674 ||| DROPPING ring of poison resistance.
 20780 | Orc:1    | Entered Level 1 of the Orcish Mines
 20967 | Orc:2    | Entered Level 2 of the Orcish Mines
 20975 | Orc:2    | 20975 ||| STAIRDANCE
 21079 | Orc:2    | 21079 ||| INVOKING Heroism.
 21144 | Orc:2    | 21144 ||| INVOKING Heroism.
 21171 | Orc:2    | Found a staircase to the Elven Halls.
 21295 | Orc:1    | Found Fuskom's Vocational Training.
 21803 | Orc:2    | 21803 ||| INVOKING Heroism.
 21805 | Orc:2    | 21805 ||| Stepping ~*~*~tactically~*~*~ (outnumbered).
 21827 | Orc:2    | Reached skill level 16 in Fighting
 21827 | Orc:2    | 21827 ||| Stepping ~*~*~tactically~*~*~ (outnumbered).
 21835 | Orc:2    | 21835 ||| Stepping ~*~*~tactically~*~*~ (outnumbered).
 21837 | Orc:2    | 21837 ||| Stepping ~*~*~tactically~*~*~ (outnumbered).
 21840 | Orc:2    | 21840 ||| Stepping ~*~*~tactically~*~*~ (outnumbered).
 21842 | Orc:2    | 21842 ||| Stepping ~*~*~tactically~*~*~ (outnumbered).
 21843 | Orc:2    | 21843 ||| Stepping ~*~*~tactically~*~*~ (outnumbered).
 21851 | Orc:2    | Received a gift from Okawaru
 21859 | Orc:2    | 21859 ||| INVOKING Heroism.
 21882 | Orc:2    | Found Jenisiuq's General Store.
 21882 | Orc:2    | Found Ugetaux's Book Shop.
 21884 | Orc:2    | Found Janwalew's Book Shop.
 21884 | Orc:2    | Found Luofad's Antique Weapon Emporium.
 21943 | Orc:2    | Found a shimmering blue altar of Sif Muna.
 21944 | Orc:2    | 21944 ||| Stepping ~*~*~tactically~*~*~ (outnumbered).
 21983 | Orc:2    | 21983 ||| PLANNING SPIDER:1-3
 22245 | Spider:1 | Entered Level 1 of the Spider Nest
 22246 | Spider:1 | 22246 ||| INVOKING Heroism.
 22316 | Spider:1 | 22316 ||| INVOKING Finesse.
 22357 | Spider:1 | 22357 ||| INVOKING Heroism.
 22365 | Spider:1 | Received a gift from Okawaru
 22367 | Spider:1 | Reached XP level 16. HP: 151/151 MP: 17/20
 22517 | Spider:1 | Noticed Asterion
 22518 | Spider:1 | 22518 ||| INVOKING Heroism.
 22519 | Spider:1 | 22519 ||| INVOKING Finesse.
 22531 | Spider:1 | Killed Asterion
 22678 | Spider:1 | 22678 ||| INVOKING Heroism.
 22774 | Spider:1 | 22774 ||| Stepping ~*~*~tactically~*~*~ (outnumbered).
 22778 | Spider:1 | 22778 ||| Stepping ~*~*~tactically~*~*~ (outnumbered).
 23185 | Spider:1 | 23185 ||| DROPPING ring of see invisible.
 23186 | Spider:1 | 23186 ||| READING scroll labelled TECLECU UGICH.
 23216 | Spider:2 | Noticed Agnes
 23217 | Spider:2 | 23217 ||| INVOKING Heroism.
 23223 | Spider:2 | Killed Agnes
 23245 | Spider:2 | Noticed Donald
 23248 | Spider:2 | 23248 ||| Stepping ~*~*~tactically~*~*~ (outnumbered).
 23254 | Spider:2 | 23254 ||| Stepping ~*~*~tactically~*~*~ (outnumbered).
 23263 | Spider:2 | 23263 ||| Stepping ~*~*~tactically~*~*~ (outnumbered).
 23264 | Spider:2 | 23264 ||| Stepping ~*~*~tactically~*~*~ (outnumbered).
 23266 | Spider:2 | Killed Donald
 23278 | Spider:2 | 23278 ||| INVOKING Heroism.
 23387 | Spider:2 | 23387 ||| INVOKING Heroism.
 23433 | Spider:2 | 23433 ||| Stepping ~*~*~tactically~*~*~ (outnumbered).
 23440 | Spider:2 | 23440 ||| Stepping ~*~*~tactically~*~*~ (outnumbered).
 23442 | Spider:2 | 23442 ||| Stepping ~*~*~tactically~*~*~ (outnumbered).
 23602 | Spider:2 | Reached skill level 17 in Fighting
 23605 | Spider:2 | 23605 ||| INVOKING Heroism.
 23620 | Spider:2 | 23620 ||| DRINKING 6 potions of curing.
 23620 | Spider:2 | 23620 ||| (to cure confusion)
 23970 | Spider:2 | 23970 ||| INVOKING Heroism.
 23971 | Spider:2 | 23971 ||| INVOKING Finesse.
 23980 | Spider:2 | Reached skill level 9 in Armour
 24030 | Spider:2 | 24030 ||| READING 4 scrolls of identify.
 24030 | Spider:2 | 24030 ||| IDENTIFYING fizzy purple potion
 24084 | Spider:3 | 24084 ||| INVOKING Finesse.
 24133 | Spider:3 | 24133 ||| INVOKING Heroism.
 24278 | Spider:3 | Identified the +8 chain mail "Loly" {Int+2 Slay+5}
 24774 | Spider:3 | 24774 ||| PLANNING SHOALS:1-3
 24881 | Shoals:1 | Entered Level 1 of the Shoals
 24931 | Shoals:1 | 24931 ||| INVOKING Heroism.
 24935 | Shoals:1 | Received a gift from Okawaru
 24996 | Shoals:1 | 24996 ||| INVOKING Heroism.
 25029 | Shoals:1 | 25029 ||| INVOKING Heroism.
 25110 | Shoals:1 | 25110 ||| Stepping ~*~*~tactically~*~*~ (water).
 25120 | Shoals:1 | 25120 ||| Stepping ~*~*~tactically~*~*~ (water).
 25258 | Shoals:1 | 25258 ||| Stepping ~*~*~tactically~*~*~ (water).
 25314 | Shoals:1 | Reached skill level 18 in Dodging
 25509 | Shoals:1 | 25509 ||| READING scroll labelled ROCHUD NIO.
 25640 | Shoals:2 | Found Ulothelim's Armour Emporium.
 25652 | Shoals:2 | 25652 ||| Stepping ~*~*~tactically~*~*~ (water).
 25657 | Shoals:2 | 25657 ||| Stepping ~*~*~tactically~*~*~ (water).
 25795 | Shoals:2 | 25795 ||| INVOKING Heroism.
 25837 | Shoals:2 | 25837 ||| INVOKING Heroism.
 26010 | Shoals:2 | 26010 ||| DROPPING ring of fire.
 26054 | Shoals:2 | Received a gift from Okawaru
 26055 | Shoals:2 | Reached skill level 18 in Fighting
 26311 | Shoals:3 | 26311 ||| Stepping ~*~*~tactically~*~*~ (outnumbered).
 26315 | Shoals:3 | 26315 ||| Stepping ~*~*~tactically~*~*~ (outnumbered).
 26353 | Shoals:3 | 26353 ||| FLEEEEING.
 26354 | Shoals:3 | 26354 ||| FLEEEEING.
 26380 | Shoals:3 | Reached XP level 17. HP: 156/163 MP: 21/21
 26537 | Shoals:3 | Found Resig's Retail Resort.
 26539 | Shoals:3 | 26539 ||| INVOKING Heroism.
 26540 | Shoals:3 | 26540 ||| INVOKING Finesse.
 26590 | Shoals:3 | 26590 ||| BUYING amulet of reflection (300 gold).
 26590 | Shoals:3 | Bought an amulet of reflection for 300 gold pieces
 26641 | Shoals:3 | 26641 ||| INVOKING Heroism.
 26724 | Shoals:3 | 26724 ||| Stepping ~*~*~tactically~*~*~ (water).
 26734 | Shoals:3 | Found the +8 mithril axe "Arga" {speed, Will+}
 26742 | Shoals:3 | 26742 ||| Stepping ~*~*~tactically~*~*~ (water).
 26834 | Shoals:3 | 26834 ||| INVOKING Heroism.
 26958 | Shoals:3 | 26958 ||| INVOKING Heroism.
 27084 | Shoals:3 | Noticed a kraken
 27092 | Shoals:3 | 27092 ||| PLANNING SPIDER:4
 27303 | Spider:4 | Entered Level 4 of the Spider Nest
 27418 | Spider:4 | 27418 ||| INVOKING Heroism.
 27513 | Spider:4 | 27513 ||| INVOKING Heroism.
 27593 | Spider:4 | 27593 ||| Stepping ~*~*~tactically~*~*~ (outnumbered).
 27648 | Spider:4 | 27648 ||| Stepping ~*~*~tactically~*~*~ (water).
 27822 | Spider:4 | 27822 ||| Stepping ~*~*~tactically~*~*~ (water).
 27897 | Spider:4 | Reached skill level 19 in Fighting
 27913 | Spider:4 | 27913 ||| INVOKING Finesse.
 28127 | Spider:4 | Found a transporter.
 28130 | Spider:4 | Noticed qw's ghost (adept MiHu)
 28135 | Spider:4 | Found a transporter.
 28227 | Spider:4 | 28227 ||| Stepping ~*~*~tactically~*~*~ (water).
 28229 | Spider:4 | 28229 ||| Stepping ~*~*~tactically~*~*~ (water).
 28231 | Spider:4 | 28231 ||| Stepping ~*~*~tactically~*~*~ (water).
 28233 | Spider:4 | 28233 ||| Stepping ~*~*~tactically~*~*~ (water).
 28235 | Spider:4 | 28235 ||| Stepping ~*~*~tactically~*~*~ (water).
 28237 | Spider:4 | 28237 ||| Stepping ~*~*~tactically~*~*~ (water).
 28276 | Spider:4 | 28276 ||| DRINKING potion of resistance.
 28277 | Spider:4 | 28277 ||| INVOKING Heroism.
 28452 | Spider:4 | Got a gossamer rune of Zot
 28473 | Spider:4 | 28473 ||| PLANNING VAULTS:1-4
 28473 | Spider:4 | 28473 ||| DROPPING scarf of shadows.
 28474 | Spider:4 | 28474 ||| DROPPING scarf of shadows.
 28776 | Vaults:1 | Entered Level 1 of the Vaults
 28781 | Vaults:1 | Identified the +0 mace "Dragon's Demise" {flame, rF++}
 29011 | Vaults:1 | 29011 ||| INVOKING Heroism.
 29012 | Vaults:1 | 29012 ||| INVOKING Finesse.
 29136 | Vaults:1 | Received a gift from Okawaru
 29141 | Vaults:1 | 29141 ||| DROPPING +3 longbow "Geamits" {speed, rElec Str+2
                  | Int-4 Dex+2}.
 29227 | Vaults:1 | Identified the +2 scale mail of Darkness {rElec rPois rF-
                  | rCorr}
 29507 | Vaults:1 | 29507 ||| INVOKING Heroism.
 29508 | Vaults:1 | 29508 ||| INVOKING Finesse.
 29526 | Vaults:1 | 29526 ||| Stepping ~*~*~tactically~*~*~ (outnumbered).
 29536 | Vaults:1 | 29536 ||| Stepping ~*~*~tactically~*~*~ (outnumbered).
 29837 | Vaults:1 | Reached skill level 20 in Fighting
 29907 | Vaults:1 | 29907 ||| FLEEEEING.
 29910 | Vaults:1 | 29910 ||| FLEEEEING.
 29911 | Vaults:1 | 29911 ||| FLEEEEING.
 29912 | Vaults:1 | 29912 ||| FLEEEEING.
 29913 | Vaults:1 | 29913 ||| FLEEEEING.
 29914 | Vaults:1 | 29914 ||| FLEEEEING.
 29915 | Vaults:1 | 29915 ||| FLEEEEING.
 29916 | Vaults:1 | 29916 ||| FLEEEEING.
 29917 | Vaults:1 | 29917 ||| FLEEEEING.
 29932 | Vaults:1 | Reached XP level 18. HP: 178/178 MP: 22/22
 29952 | Vaults:1 | Identified the +1 scale mail "Qigomn" {Int+4} (Okawaru
                  | gifted it to you on level 1 of the Vaults)
 29952 | Vaults:1 | Received a gift from Okawaru
 30099 | Vaults:1 | 30099 ||| DROPPING ring of positive energy.
 30174 | Vaults:2 | 30174 ||| Stepping ~*~*~tactically~*~*~ (outnumbered).
 30226 | Vaults:2 | 30226 ||| FLEEEEING.
 30227 | Vaults:2 | 30227 ||| FLEEEEING.
 30228 | Vaults:2 | 30228 ||| FLEEEEING.
 30229 | Vaults:2 | 30229 ||| FLEEEEING.
 30230 | Vaults:2 | 30230 ||| FLEEEEING.
 30231 | Vaults:2 | 30231 ||| FLEEEEING.
 30239 | Vaults:2 | 30239 ||| FLEEEEING.
 30242 | Vaults:2 | 30242 ||| STAIRDANCE
 30363 | Vaults:2 | 30363 ||| INVOKING Heroism.
 30364 | Vaults:2 | 30364 ||| INVOKING Finesse.
 30365 | Vaults:2 | 30365 ||| Stepping ~*~*~tactically~*~*~ (outnumbered).
 30509 | Vaults:2 | Found a staircase to the Crypt.
 30512 | Vaults:2 | 30512 ||| Stepping randomly (disturbance).
 30513 | Vaults:2 | 30513 ||| Stepping randomly (disturbance).
 30518 | Vaults:2 | 30518 ||| Stepping randomly (disturbance).
 30519 | Vaults:2 | 30519 ||| Stepping randomly (disturbance).
 30638 | Vaults:2 | Reached skill level 21 in Dodging
 30717 | Vaults:2 | 30717 ||| FLEEEEING.
 30728 | Vaults:2 | 30728 ||| FLEEEEING.
 30729 | Vaults:2 | 30729 ||| FLEEEEING.
 30732 | Vaults:2 | 30732 ||| FLEEEEING.
 30743 | Vaults:2 | 30743 ||| FLEEEEING.
 30744 | Vaults:2 | 30744 ||| FLEEEEING.
 30745 | Vaults:2 | 30745 ||| FLEEEEING.
 30746 | Vaults:2 | 30746 ||| FLEEEEING.
 30747 | Vaults:2 | 30747 ||| FLEEEEING.
 30748 | Vaults:2 | 30748 ||| FLEEEEING.
 30749 | Vaults:2 | 30749 ||| FLEEEEING.
 30750 | Vaults:2 | 30750 ||| FLEEEEING.
 30751 | Vaults:2 | 30751 ||| FLEEEEING.
 30752 | Vaults:2 | 30752 ||| FLEEEEING.
 30753 | Vaults:2 | 30753 ||| FLEEEEING.
 30754 | Vaults:2 | 30754 ||| FLEEEEING.
 30755 | Vaults:2 | 30755 ||| FLEEEEING.
 30756 | Vaults:2 | 30756 ||| FLEEEEING.
 30757 | Vaults:2 | 30757 ||| FLEEEEING.
 30758 | Vaults:2 | 30758 ||| FLEEEEING.
 30759 | Vaults:2 | 30759 ||| FLEEEEING.
 30760 | Vaults:2 | 30760 ||| FLEEEEING.
 30762 | Vaults:2 | 30762 ||| FLEEEEING.
 30763 | Vaults:2 | 30763 ||| FLEEEEING.
 30764 | Vaults:2 | 30764 ||| FLEEEEING.
 30767 | Vaults:2 | 30767 ||| FLEEEEING.
 30768 | Vaults:2 | 30768 ||| FLEEEEING.
 30771 | Vaults:2 | 30771 ||| STAIRDANCE
 30928 | Vaults:2 | 30928 ||| INVOKING Heroism.
 30941 | Vaults:2 | 30941 ||| INVOKING Finesse.
 31076 | Vaults:2 | 31076 ||| INVOKING Heroism.
 31152 | Vaults:2 | Identified the +2 ring mail of Death's Door {rC- Will++
                  | Dex+6}
 31190 | Vaults:2 | 31190 ||| INVOKING Heroism.
 31267 | Vaults:2 | Reached skill level 21 in Fighting
 31343 | Vaults:2 | Identified the +11 halberd "Vapsoy" {freeze, rF- Str+2
                  | Dex+6}
 31381 | Vaults:2 | 31381 ||| INVOKING Heroism.
 31382 | Vaults:2 | 31382 ||| INVOKING Finesse.
 31667 | Vaults:2 | 31667 ||| INVOKING Heroism.
 31692 | Vaults:2 | 31692 ||| INVOKING Finesse.
 31748 | Vaults:2 | Noticed Mennas
 31749 | Vaults:2 | 31749 ||| INVOKING Heroism.
 31762 | Vaults:2 | Killed Mennas
 32123 | Vaults:2 | 32123 ||| UPGRADING to +2 ring mail of Death's Door {rC-
                  | Will++ Dex+6}.
 32297 | Vaults:3 | 32297 ||| INVOKING Heroism.
 32298 | Vaults:3 | 32298 ||| INVOKING Finesse.
 32349 | Vaults:3 | Noticed Jory
 32350 | Vaults:3 | 32350 ||| INVOKING Heroism.
 32361 | Vaults:3 | Killed Jory
 32402 | Vaults:3 | Reached skill level 12 in Armour
 32444 | Vaults:3 | Noticed Xtahua
 32445 | Vaults:3 | 32445 ||| INVOKING Heroism.
 32447 | Vaults:3 | 32447 ||| Stepping ~*~*~tactically~*~*~ (cloud).
 32454 | Vaults:3 | Killed Xtahua
 32476 | Vaults:3 | Found Iresho's Book Shop.
 32503 | Vaults:3 | 32503 ||| INVOKING Heroism.
 32504 | Vaults:3 | 32504 ||| Stepping ~*~*~tactically~*~*~ (outnumbered).
 32559 | Vaults:3 | Reached XP level 19. HP: 189/189 MP: 22/22
 32641 | Vaults:3 | Received a gift from Okawaru
 32793 | Vaults:3 | Noticed Margery
 32794 | Vaults:3 | 32794 ||| INVOKING Heroism.
 32795 | Vaults:3 | 32795 ||| INVOKING Finesse.
 32813 | Vaults:3 | Killed Margery
 32813 | Vaults:3 | Received a gift from Okawaru
 32958 | Vaults:3 | 32958 ||| INVOKING Heroism.
 32959 | Vaults:3 | 32959 ||| INVOKING Finesse.
 33006 | Vaults:3 | 33006 ||| INVOKING Heroism.
 33007 | Vaults:3 | 33007 ||| INVOKING Finesse.
 33012 | Vaults:3 | Reached skill level 22 in Fighting
 33669 | Vaults:4 | 33669 ||| INVOKING Heroism.
 33761 | Vaults:4 | Found a runed translucent door.
 33768 | Vaults:4 | Reached skill level 23 in Fighting
 33841 | Vaults:4 | 33841 ||| INVOKING Heroism.
 33842 | Vaults:4 | 33842 ||| INVOKING Finesse.
 33903 | Vaults:4 | Received a gift from Okawaru
 33960 | Vaults:4 | 33960 ||| INVOKING Heroism.
 33961 | Vaults:4 | 33961 ||| INVOKING Finesse.
 34117 | Vaults:4 | 34117 ||| INVOKING Heroism.
 34127 | Vaults:4 | 34127 ||| Stepping ~*~*~tactically~*~*~ (outnumbered).
 34132 | Vaults:4 | 34132 ||| INVOKING Finesse.
 34211 | Vaults:4 | 34211 ||| Stepping ~*~*~tactically~*~*~ (outnumbered).
 34282 | Vaults:4 | 34282 ||| INVOKING Heroism.
 34432 | Vaults:4 | 34432 ||| Stepping ~*~*~tactically~*~*~ (outnumbered).
 34743 | Vaults:4 | 34743 ||| Stepping ~*~*~tactically~*~*~ (outnumbered).
 34750 | Vaults:4 | 34750 ||| Stepping ~*~*~tactically~*~*~ (outnumbered).
 34772 | Vaults:4 | 34772 ||| Stepping ~*~*~tactically~*~*~ (outnumbered).
 34895 | Vaults:4 | 34895 ||| FLEEEEING.
 34974 | Vaults:4 | 34974 ||| INVOKING Heroism.
 34975 | Vaults:4 | 34975 ||| INVOKING Finesse.
 35114 | Vaults:4 | Reached skill level 24 in Fighting
 35216 | Vaults:4 | 35216 ||| PLANNING SHOALS:4
 35568 | Shoals:4 | Entered Level 4 of the Shoals
 35578 | Shoals:4 | 35578 ||| INVOKING Heroism.
 35618 | Shoals:4 | 35618 ||| INVOKING Heroism.
 35619 | Shoals:4 | 35619 ||| Stepping ~*~*~tactically~*~*~ (water).
 35648 | Shoals:4 | 35648 ||| Stepping ~*~*~tactically~*~*~ (water).
 35655 | Shoals:4 | 35655 ||| Stepping ~*~*~tactically~*~*~ (water).
 35678 | Shoals:4 | 35678 ||| INVOKING Heroism.
 35679 | Shoals:4 | 35679 ||| Stepping ~*~*~tactically~*~*~ (outnumbered).
 35680 | Shoals:4 | 35680 ||| Stepping ~*~*~tactically~*~*~ (outnumbered).
 35682 | Shoals:4 | 35682 ||| Stepping ~*~*~tactically~*~*~ (outnumbered).
 35692 | Shoals:4 | Reached XP level 20. HP: 152/206 MP: 21/23
 35805 | Shoals:4 | Identified the +0 ring mail of Hedging {rF+++ rN+ Str+4}
 35834 | Shoals:4 | 35834 ||| Stepping ~*~*~tactically~*~*~ (outnumbered).
 35836 | Shoals:4 | 35836 ||| INVOKING Heroism.
 35838 | Shoals:4 | 35838 ||| Stepping ~*~*~tactically~*~*~ (outnumbered).
 35970 | Shoals:4 | 35970 ||| Stepping ~*~*~tactically~*~*~ (water).
 35976 | Shoals:4 | Reached skill level 15 in Armour
 36049 | Shoals:4 | Identified the +5 demon blade of Xeddeh {vamp, *Corrode rC+
                  | rN+ Str+3}
 36089 | Shoals:4 | 36089 ||| INVOKING Heroism.
 36187 | Shoals:4 | 36187 ||| Stepping ~*~*~tactically~*~*~ (outnumbered).
 36188 | Shoals:4 | 36188 ||| Stepping ~*~*~tactically~*~*~ (outnumbered).
 36190 | Shoals:4 | 36190 ||| Stepping ~*~*~tactically~*~*~ (outnumbered).
 36192 | Shoals:4 | 36192 ||| Stepping ~*~*~tactically~*~*~ (outnumbered).
 36194 | Shoals:4 | 36194 ||| Stepping ~*~*~tactically~*~*~ (outnumbered).
 36312 | Shoals:4 | 36312 ||| Stepping ~*~*~tactically~*~*~ (outnumbered).
 36313 | Shoals:4 | 36313 ||| Stepping ~*~*~tactically~*~*~ (outnumbered).
 36315 | Shoals:4 | 36315 ||| Stepping ~*~*~tactically~*~*~ (outnumbered).
 36338 | Shoals:4 | 36338 ||| Stepping ~*~*~tactically~*~*~ (water).
 36378 | Shoals:4 | 36378 ||| INVOKING Heroism.
 36379 | Shoals:4 | 36379 ||| Stepping ~*~*~tactically~*~*~ (outnumbered).
 36387 | Shoals:4 | 36387 ||| INVOKING Finesse.
 36391 | Shoals:4 | 36391 ||| Stepping ~*~*~tactically~*~*~ (outnumbered).
 36394 | Shoals:4 | 36394 ||| Stepping ~*~*~tactically~*~*~ (outnumbered).
 36516 | Shoals:4 | 36516 ||| INVOKING Heroism.
 36693 | Shoals:4 | 36693 ||| INVOKING Heroism.
 36697 | Shoals:4 | 36697 ||| Stepping ~*~*~tactically~*~*~ (outnumbered).
 36698 | Shoals:4 | 36698 ||| Stepping ~*~*~tactically~*~*~ (water).
 36699 | Shoals:4 | 36699 ||| Stepping ~*~*~tactically~*~*~ (outnumbered).
 36718 | Shoals:4 | 36718 ||| INVOKING Finesse.
 36758 | Shoals:4 | Got a barnacled rune of Zot
 36773 | Shoals:4 | 36773 ||| DROPPING +0 cloak of poison resistance.
 36782 | Shoals:4 | 36782 ||| Stepping ~*~*~tactically~*~*~ (water).
 36791 | Shoals:4 | 36791 ||| PLANNING DEPTHS
 37134 | Depths:1 | Entered Level 1 of the Depths
 37135 | Depths:1 | 37135 ||| INVOKING Heroism.
 37142 | Depths:1 | Reached skill level 25 in Fighting
 37239 | Depths:1 | 37239 ||| Stepping ~*~*~tactically~*~*~ (outnumbered).
 37240 | Depths:1 | 37240 ||| Stepping ~*~*~tactically~*~*~ (outnumbered).
 37285 | Depths:1 | Found Jumopupn's Jewellery Boutique.
 37354 | Depths:1 | Found a white marble altar of Elyvilon.
 37448 | Depths:1 | 37448 ||| Stepping ~*~*~tactically~*~*~ (outnumbered).
 37450 | Depths:1 | 37450 ||| Stepping ~*~*~tactically~*~*~ (outnumbered).
 37452 | Depths:1 | 37452 ||| Stepping ~*~*~tactically~*~*~ (outnumbered).
 37454 | Depths:1 | 37454 ||| Stepping ~*~*~tactically~*~*~ (outnumbered).
 37456 | Depths:1 | 37456 ||| Stepping ~*~*~tactically~*~*~ (outnumbered).
 37458 | Depths:1 | 37458 ||| Stepping ~*~*~tactically~*~*~ (outnumbered).
 37464 | Depths:1 | 37464 ||| INVOKING Heroism.
 37475 | Depths:1 | 37475 ||| INVOKING Finesse.
 37476 | Depths:1 | 37476 ||| INVOKING Finesse.
 37557 | Depths:1 | Found a gateway to Hell.
 37558 | Depths:1 | 37558 ||| INVOKING Heroism.
 37561 | Depths:1 | 37561 ||| Stepping ~*~*~tactically~*~*~ (outnumbered).
 37562 | Depths:1 | 37562 ||| Stepping ~*~*~tactically~*~*~ (outnumbered).
 37580 | Depths:1 | HP: 36/212 [hellephant/blast of flame (85)]
 37581 | Depths:1 | 37581 ||| READING 14 scrolls of teleportation.
 37581 | Depths:1 | HP: 15/212 [hell hog/fireball (8)]
 37582 | Depths:1 | 37582 ||| DRINKING 7 potions of heal wounds.
 37583 | Depths:1 | 37583 ||| DRINKING 6 potions of heal wounds.
 37862 | Depths:1 | 37862 ||| INVOKING Heroism.
 37863 | Depths:1 | 37863 ||| Stepping ~*~*~tactically~*~*~ (cloud).
 37866 | Depths:1 | 37866 ||| Stepping ~*~*~tactically~*~*~ (cloud).
 38015 | Depths:1 | 38015 ||| INVOKING Heroism.
 38099 | Depths:1 | 38099 ||| Stepping ~*~*~tactically~*~*~ (outnumbered).
 38105 | Depths:1 | 38105 ||| Stepping ~*~*~tactically~*~*~ (outnumbered).
 38108 | Depths:1 | 38108 ||| Stepping ~*~*~tactically~*~*~ (outnumbered).
 38118 | Depths:1 | Reached skill level 26 in Fighting
 38172 | Depths:1 | 38172 ||| INVOKING Heroism.
 38183 | Depths:1 | 38183 ||| INVOKING Finesse.
 38255 | Depths:1 | 38255 ||| READING 3 scrolls of enchant armour.
 38255 | Depths:1 | 38255 ||| ENCHANTING +0 hat of willpower.
 38256 | Depths:1 | 38256 ||| READING 2 scrolls of enchant armour.
 38256 | Depths:1 | 38256 ||| ENCHANTING +1 hat of willpower.
 38292 | Depths:1 | Found a snail-covered altar of Cheibriados.
 38359 | Depths:1 | Found Qacvumek's One-of-a-Kind Books.
 38378 | Depths:1 | Identified the +5 scimitar "Tiodwad" {speed, Fragile rElec
                  | rF- Int+8}
 38714 | Depths:2 | 38714 ||| INVOKING Heroism.
 38715 | Depths:2 | 38715 ||| INVOKING Finesse.
 38871 | Depths:2 | 38871 ||| INVOKING Heroism.
 38937 | Depths:2 | 38937 ||| INVOKING Heroism.
 39148 | Depths:2 | 39148 ||| DROPPING amulet of magic regeneration.
 39156 | Depths:1 | Identified the +6 quarterstaff "Gram" {pain, Fly}
 39247 | Depths:2 | Found a one-way gate leading to the halls of Pandemonium.
 39349 | Depths:2 | 39349 ||| INVOKING Heroism.
 39350 | Depths:2 | 39350 ||| Stepping ~*~*~tactically~*~*~ (outnumbered).
 39410 | Depths:2 | 39410 ||| INVOKING Heroism.
 39413 | Depths:2 | Reached XP level 21. HP: 222/222 MP: 21/24
 39501 | Depths:3 | Found a faded altar of an unknown god.
 39504 | Depths:3 | 39504 ||| INVOKING Heroism.
 39540 | Depths:3 | 39540 ||| Stepping ~*~*~tactically~*~*~ (outnumbered).
 39558 | Depths:3 | 39558 ||| INVOKING Heroism.
 39602 | Depths:3 | 39602 ||| INVOKING Heroism.
 39603 | Depths:3 | 39603 ||| Stepping ~*~*~tactically~*~*~ (outnumbered).
 39721 | Depths:3 | 39721 ||| INVOKING Heroism.
 39722 | Depths:3 | 39722 ||| Stepping ~*~*~tactically~*~*~ (outnumbered).
 39783 | Depths:3 | You fall into a shaft and drop 1 floor!
 39783 | Depths:4 | Entered Level 4 of the Depths
 39785 | Depths:4 | Noticed a golden dragon
 39786 | Depths:4 | 39786 ||| INVOKING Heroism.
 39795 | Depths:4 | Killed a golden dragon
 39825 | Depths:4 | 39825 ||| INVOKING Finesse.
 39848 | Depths:4 | Reached skill level 27 in Fighting
 39915 | Depths:4 | Found a gate to the Realm of Zot.
 39962 | Depths:4 | 39962 ||| DROPPING scarf of shadows.
 39969 | Depths:3 | 39969 ||| INVOKING Heroism.
 40001 | Depths:3 | Found a one-way gateway to a ziggurat.
 40029 | Depths:3 | 40029 ||| INVOKING Heroism.
 40032 | Depths:3 | 40032 ||| Stepping ~*~*~tactically~*~*~ (outnumbered).
 40122 | Depths:3 | 40122 ||| Stepping ~*~*~tactically~*~*~ (outnumbered).
 40124 | Depths:3 | 40124 ||| Stepping ~*~*~tactically~*~*~ (outnumbered).
 40128 | Depths:3 | 40128 ||| Stepping ~*~*~tactically~*~*~ (outnumbered).
 40139 | Depths:3 | 40139 ||| Stepping ~*~*~tactically~*~*~ (outnumbered).
 40173 | Depths:3 | 40173 ||| INVOKING Heroism.
 40246 | Depths:3 | 40246 ||| Stepping ~*~*~tactically~*~*~ (outnumbered).
 40341 | Depths:3 | 40341 ||| INVOKING Heroism.
 40378 | Depths:3 | Noticed a caustic shrike
 40379 | Depths:3 | 40379 ||| INVOKING Heroism.
 40382 | Depths:3 | 40382 ||| Stepping ~*~*~tactically~*~*~ (outnumbered).
 40389 | Depths:3 | Killed a caustic shrike
 40543 | Depths:3 | Found a one-way gate to the infinite horrors of the Abyss.
 40543 | Depths:3 | Noticed Louise
 40561 | Depths:3 | Killed Louise
 40572 | Depths:3 | 40572 ||| INVOKING Heroism.
 40706 | Depths:3 | 40706 ||| INVOKING Heroism.
 40771 | Depths:3 | 40771 ||| INVOKING Heroism.
 40772 | Depths:3 | 40772 ||| Stepping ~*~*~tactically~*~*~ (outnumbered).
 40783 | Depths:3 | 40783 ||| Stepping ~*~*~tactically~*~*~ (outnumbered).
 40785 | Depths:3 | 40785 ||| Stepping ~*~*~tactically~*~*~ (outnumbered).
 41099 | Depths:4 | 41099 ||| INVOKING Heroism.
 41104 | Depths:4 | Reached skill level 18 in Armour
 41144 | Depths:4 | 41144 ||| INVOKING Finesse.
 41179 | Depths:4 | 41179 ||| INVOKING Heroism.
 41282 | Depths:4 | 41282 ||| INVOKING Heroism.
 41396 | Depths:4 | 41396 ||| INVOKING Heroism.
 41556 | Depths:4 | Received a gift from Okawaru
 41568 | Depths:4 | 41568 ||| INVOKING Heroism.
 41875 | Depths:4 | Found Ikhijait's Jewellery Shop.
 41881 | Depths:4 | Found Nadghuibbu's Book Emporium.
 41882 | Depths:4 | Found Jaext's Jewellery Shop.
 41892 | Depths:4 | 41892 ||| BUYING amulet of Ziwid {-Tele rPois rN++ Will+
                  | Regen+} (553 gold).
 41892 | Depths:4 | Bought the amulet of Ziwid {-Tele rPois rN++ Will+ Regen+}
                  | for 553 gold pieces
 41892 | Depths:4 | 41892 ||| BUYING ring "Gemahos" {Ice rN+ rCorr Slay+5} (690
                  | gold).
 41892 | Depths:4 | Bought the ring "Gemahos" {Ice rN+ rCorr Slay+5} for 690
                  | gold pieces
 41934 | Depths:4 | 41934 ||| PLANNING VAULTS:5
 41934 | Depths:4 | 41934 ||| UPGRADING to ring "Gemahos" {Ice rN+ rCorr
                  | Slay+5}.
 42253 | Vaults:5 | Entered Level 5 of the Vaults
 42253 | Vaults:5 | Noticed a dread lich
 42254 | Vaults:5 | 42254 ||| INVOKING Heroism.
 42275 | Vaults:5 | 42275 ||| INVOKING Finesse.
 42276 | Vaults:5 | 42276 ||| STAIRDANCE
 42317 | Vaults:4 | Killed a dread lich
 42631 | Vaults:5 | 42631 ||| STAIRDANCE
 42651 | Vaults:4 | Reached skill level 21 in Ranged Weapons
 42789 | Vaults:5 | 42789 ||| STAIRDANCE
 42803 | Vaults:4 | Reached XP level 22. HP: 213/233 MP: 26/26
 42876 | Vaults:5 | 42876 ||| Stepping ~*~*~tactically~*~*~ (outnumbered).
 42881 | Vaults:5 | 42881 ||| Stepping ~*~*~tactically~*~*~ (outnumbered).
 42902 | Vaults:5 | Identified the +10 hand axe of the Pill Bug {antimagic,
                  | rElec rN+ rCorr}
 42911 | Vaults:5 | 42911 ||| INVOKING Heroism.
 42912 | Vaults:5 | 42912 ||| INVOKING Finesse.
 42989 | Vaults:5 | 42989 ||| INVOKING Heroism.
 43034 | Vaults:5 | 43034 ||| INVOKING Finesse.
 43077 | Vaults:5 | Received a gift from Okawaru
 43143 | Vaults:5 | Identified the ring "Wauroyr" {rElec AC+4}
 43144 | Vaults:5 | 43144 ||| INVOKING Heroism.
 43148 | Vaults:5 | 43148 ||| INVOKING Finesse.
 43233 | Vaults:5 | 43233 ||| INVOKING Heroism.
 43234 | Vaults:5 | 43234 ||| INVOKING Finesse.
 43235 | Vaults:5 | 43235 ||| Stepping ~*~*~tactically~*~*~ (outnumbered).
 43240 | Vaults:5 | 43240 ||| Stepping ~*~*~tactically~*~*~ (outnumbered).
 43261 | Vaults:5 | 43261 ||| Stepping ~*~*~tactically~*~*~ (outnumbered).
 43345 | Vaults:5 | 43345 ||| INVOKING Heroism.
 43406 | Vaults:5 | 43406 ||| INVOKING Heroism.
 43464 | Vaults:5 | 43464 ||| INVOKING Heroism.
 43561 | Vaults:5 | Identified the +5 hand axe "Sucoris" {vamp, *Rage +Blink
                  | rPois rF++}
 43634 | Vaults:5 | 43634 ||| INVOKING Heroism.
 43689 | Vaults:5 | 43689 ||| INVOKING Heroism.
 43740 | Vaults:5 | 43740 ||| INVOKING Heroism.
 43802 | Vaults:5 | 43802 ||| INVOKING Heroism.
 43857 | Vaults:5 | Reached skill level 21 in Armour
 43908 | Vaults:5 | Noticed an ancient lich
 43909 | Vaults:5 | 43909 ||| INVOKING Heroism.
 43917 | Vaults:5 | Killed an ancient lich
 43971 | Vaults:5 | 43971 ||| INVOKING Heroism.
 44126 | Vaults:5 | 44126 ||| FLEEEEING.
 44127 | Vaults:5 | 44127 ||| FLEEEEING.
 44131 | Vaults:5 | 44131 ||| FLEEEEING.
 44132 | Vaults:5 | 44132 ||| FLEEEEING.
 44133 | Vaults:5 | 44133 ||| FLEEEEING.
 44134 | Vaults:5 | 44134 ||| STAIRDANCE
 44209 | Vaults:5 | 44209 ||| INVOKING Heroism.
 44235 | Vaults:5 | Noticed a dread lich
 44238 | Vaults:5 | Killed a dread lich
 44285 | Vaults:5 | 44285 ||| INVOKING Heroism.
 44368 | Vaults:5 | Identified the +1 sling of the Writhing Gods {elec, Fragile
                  | +Blink rElec Int+3}
 44450 | Vaults:5 | 44450 ||| INVOKING Heroism.
 44475 | Vaults:5 | 44475 ||| INVOKING Heroism.
 44489 | Vaults:5 | Identified the +10 falchion "Sefemnang" {heavy, rF+ rN+++
                  | Int-4}
 44565 | Vaults:5 | Got a silver rune of Zot
 44576 | Vaults:5 | 44576 ||| PLANNING SHOPPING SPREE
 44576 | Vaults:5 | 44576 ||| DROPPING +3 ring mail of cold resistance.
 44577 | Vaults:5 | 44577 ||| UPGRADING to +0 pair of boots of flying.
 44587 | Vaults:5 | 44587 ||| READING 2 scrolls of enchant armour.
 44587 | Vaults:5 | 44587 ||| ENCHANTING +0 pair of boots of flying.
 44588 | Vaults:5 | 44588 ||| READING scroll of enchant armour.
 44588 | Vaults:5 | 44588 ||| ENCHANTING +1 pair of boots of flying.
 44589 | Vaults:5 | 44589 ||| DROPPING +2 pair of boots.
 44590 | Vaults:5 | 44590 ||| PLANNING ZOT:1-4
 44929 | Zot:1    | Entered Level 1 of the Realm of Zot
 44930 | Zot:1    | 44930 ||| INVOKING Heroism.
 44947 | Zot:1    | Reached skill level 12 in Invocations
 44968 | Zot:1    | 44968 ||| INVOKING Heroism.
 44982 | Zot:1    | 44982 ||| UPGRADING to +3 ring mail of fire resistance.
 44982 | Zot:1    | 44982 ||| PLANNING ZOT:1-4
 45251 | Zot:1    | 45251 ||| Stepping ~*~*~tactically~*~*~ (outnumbered).
 45252 | Zot:1    | 45252 ||| Stepping ~*~*~tactically~*~*~ (outnumbered).
 45256 | Zot:1    | 45256 ||| Stepping ~*~*~tactically~*~*~ (outnumbered).
 45264 | Zot:1    | Reached XP level 23. HP: 240/240 MP: 28/28
 45314 | Zot:1    | 45314 ||| INVOKING Heroism.
 45315 | Zot:1    | 45315 ||| INVOKING Finesse.
 45323 | Zot:1    | 45323 ||| PLANNING ZOT:1-4
 45367 | Zot:1    | 45367 ||| INVOKING Heroism.
 45391 | Zot:1    | You are sucked into a shaft and drop 1 floor!
 45414 | Zot:2    | 45414 ||| INVOKING Finesse.
 45472 | Zot:2    | 45472 ||| INVOKING Heroism.
 45491 | Zot:2    | 45491 ||| Stepping ~*~*~tactically~*~*~ (outnumbered).
 45750 | Zot:2    | Identified the +9 lajatang of the Puffin {freeze, rF+ rN+
                  | Will+ Str+2}
 45756 | Zot:2    | 45756 ||| INVOKING Heroism.
 45778 | Zot:2    | 45778 ||| UPGRADING to +3 ring mail of fire resistance.
 45788 | Zot:2    | 45788 ||| UPGRADING to +0 ring mail of Hedging {rF+++ rN+
                  | Str+4}.
 45821 | Zot:1    | 45821 ||| INVOKING Finesse.
 45856 | Zot:1    | 45856 ||| INVOKING Heroism.
 46096 | Zot:1    | 46096 ||| INVOKING Heroism.
 46178 | Zot:1    | 46178 ||| INVOKING Heroism.
 46457 | Zot:1    | 46457 ||| DROPPING ring of flight.
 46513 | Zot:2    | 46513 ||| INVOKING Heroism.
 46555 | Zot:2    | Reached skill level 15 in Invocations
 46848 | Zot:2    | 46848 ||| INVOKING Heroism.
 47206 | Zot:2    | 47206 ||| INVOKING Heroism.
 47334 | Zot:2    | 47334 ||| INVOKING Heroism.
 47346 | Zot:2    | 47346 ||| Stepping randomly (disturbance).
 47347 | Zot:2    | 47347 ||| Stepping randomly (disturbance).
 47348 | Zot:2    | 47348 ||| Stepping randomly (disturbance).
 47633 | Zot:3    | 47633 ||| INVOKING Heroism.
 47768 | Zot:3    | 47768 ||| Stepping ~*~*~tactically~*~*~ (outnumbered).
 47799 | Zot:3    | 47799 ||| INVOKING Heroism.
 47979 | Zot:3    | Noticed an orb of fire
 47980 | Zot:3    | 47980 ||| INVOKING Heroism.
 47981 | Zot:3    | 47981 ||| Stepping ~*~*~tactically~*~*~ (outnumbered).
 47988 | Zot:3    | Killed an orb of fire
 48068 | Zot:3    | Noticed a shard shrike
 48069 | Zot:3    | 48069 ||| INVOKING Heroism.
 48072 | Zot:3    | Killed a shard shrike
 48385 | Zot:3    | 48385 ||| INVOKING Heroism.
 48511 | Zot:3    | 48511 ||| INVOKING Heroism.
 48675 | Zot:4    | 48675 ||| INVOKING Heroism.
 48686 | Zot:4    | Found a transporter.
 48849 | Zot:4    | Found a transporter.
 48868 | Zot:4    | 48868 ||| INVOKING Heroism.
 49105 | Zot:4    | Found a transporter.
 49111 | Zot:4    | Found a transporter.
 49217 | Zot:4    | 49217 ||| INVOKING Heroism.
 49302 | Zot:4    | 49302 ||| INVOKING Heroism.
 49335 | Zot:4    | Reached skill level 18 in Invocations
 49542 | Zot:4    | Found a transporter.
 49544 | Zot:4    | Found a transporter.
 49625 | Zot:4    | 49625 ||| INVOKING Heroism.
 49894 | Zot:4    | 49894 ||| PLANNING ORB
 49913 | Zot:5    | Entered Level 5 of the Realm of Zot
 50011 | Zot:5    | 50011 ||| INVOKING Heroism.
 50052 | Zot:5    | Noticed a curse toe
 50060 | Zot:5    | 50060 ||| Stepping ~*~*~tactically~*~*~ (outnumbered).
 50078 | Zot:5    | Killed a curse toe
 50079 | Zot:5    | Reached XP level 24. HP: 249/249 MP: 31/31
 50194 | Zot:5    | 50194 ||| INVOKING Heroism.
 50276 | Zot:5    | 50276 ||| INVOKING Finesse.
 50410 | Zot:5    | Noticed a dread lich
 50411 | Zot:5    | 50411 ||| FLEEEEING.
 50412 | Zot:5    | 50412 ||| FLEEEEING.
 50419 | Zot:5    | Noticed a Killer Klown
 50420 | Zot:5    | 50420 ||| INVOKING Heroism.
 50420 | Zot:5    | Noticed an orb of fire
 50425 | Zot:5    | Noticed an orb of fire
 50427 | Zot:5    | Noticed an orb of fire
 50428 | Zot:5    | 50428 ||| Stepping ~*~*~tactically~*~*~ (outnumbered).
 50433 | Zot:5    | Noticed a dread lich
 50435 | Zot:5    | Paralysed by a dread lich for 3 turns
 50436 | Zot:5    | Noticed an orb of fire
 50441 | Zot:5    | Noticed an orb of fire
 50442 | Zot:5    | Gained mutation: Your magical capacity is very low. (-20%
                  | MP) [an orb of fire]
 50443 | Zot:5    | Killed a dread lich
 50444 | Zot:5    | Noticed an orb of fire
 50446 | Zot:5    | Gained mutation: You have a pair of large horns on your
                  | head. [an orb of fire]
 50449 | Zot:5    | Gained mutation: You are frail. (-10% HP) [an orb of fire]
 50455 | Zot:5    | Noticed an orb of fire
 50458 | Zot:5    | HP: 51/224 [orb of fire/bolt of fire (24)]
 50458 | Zot:5    | Gained mutation: You are occasionally teleported next to
                  | monsters. [an orb of fire]
 50459 | Zot:5    | 50459 ||| READING 20 scrolls of teleportation.
 50459 | Zot:5    | HP: 17/224 [orb of fire/fireball (20)]
 50460 | Zot:5    | 50460 ||| DRINKING 5 potions of heal wounds.
 50460 | Zot:5    | HP: 5/224 [orb of fire/fireball (15)]
 50460 | Zot:5    | Killed from afar by an orb of fire

Levels and vault maps discovered:
D:1:      dpeg_arrival_arbitrary_c, layout_basic,
          nicolae_ecumenical_snake_handling, minmay_misc_feat_alley
D:2:      layout_basic, minmay_pentomino_x2, uniq_natasha
D:3:      layout_loops_corners, xom_confusion_cloud, serial_shops, shop,
          minmay_increasing_density
D:4:      layout_rooms, grunt_temple_overflow_holy_war, okawaru_gym_becter,
          minmay_temple_entry_antechambers, uniq_blork_the_orc, uniq_ijyb
D:5:      layout_rooms, vehumet_crystals, lemuel_round_altar, serial_shops,
          nicolae_lakefront_shop, nicolae_shop_self_help
D:6:      layout_basic, general_overflow_altar, serial_shops, shop,
          minmay_misc_feat_nine_boxes, minivault_25
D:7:      layout_loops_ring, mainiacjoe_overflow_brackets, uniq_menkaure,
          uniq_pikel
D:8:      layout_loops_corners, mainiacjoe_overflow_catwalk, trog_hazing_becter,
          mainiacjoe_overflow_surrounded_room, mainiacjoe_overflow_alcove_4,
          chequers_serial_rivers_room_a, kennysheep_generic_room_12,
          uniq_maurice
D:9:      layout_long_grid, lair_entry_dummy, nicolae_shop_overcharged_wands
D:10:     layout_rooms
D:11:     layout_roguey, gauntlet_entry_generic, serial_shops,
          nicolae_shop_rolling_square
D:12:     layout_loops_ring, kennysheep_orc_monster_closet_entryway,
          hangedman_decor_peaks_small, uniq_snorg
D:13:     layout_gridville, david_vaults_1
D:14:     evilmike_makhleb_hellhole, layout_basic, nicolae_uskayaw_suspiria,
          uniq_roxanne, uniq_lodul
D:15:     grunt_enter_depths_snipers, layout_loops_corners, serial_shops,
          shop_statue, minivault_19, minmay_tree_intersection
Lair:1:   layout_regular_city, grunt_megastairs_5
Lair:2:   layout_hall_layers, nicolae_shoals_entry_roost, uniq_urug
Lair:3:   layout_regular_city, spider_nest_entry_webs,
          portal_ice_cave_demonic_guard, beast_lair_carwin_4
Lair:4:   layout_gridlike, slime_entry_1
Lair:5:   due_jungle_book, layout_cave_pods, hellmonk_ghost_happy_afterlife,
          worms_lemuel
Shoals:1: layout_shoals
Shoals:2: layout_shoals, serial_shops, shop,
          nicolae_shoals_beach_house_on_fowls_legs
Shoals:3: layout_shoals, nicolae_alphabet_shops, nicolae_shoals_secluded_bog
Shoals:4: shoals_end_simple, layout_shoals, nicolae_shoals_pincushion_passage
Spider:1: layout_cave_pods, uniq_asterion
Spider:2: layout_spider_delve, uniq_donald, uniq_agnes
Spider:3: layout_spider_delve
Spider:4: spider_rune_water, gammafunk_ghost_mausoleum
Orc:1:    layout_diamond_mine, nicolae_shop_vocational
Orc:2:    grunt_orc_tribal_feast, layout_caves, kennysheep_orc_sif_temple
Vaults:1: hangedman_vaults_slither, v_misc_19, v_misc_17,
          nicolae_vaults_border_crossing, ontoclasm_vaults_shuriken,
          nicolae_vaults_crenellated_ambush, layout_vaults_omnigrid
Vaults:2: nicolae_vaults_little_squares_3, nicolae_vaults_storage_room_doors,
          nicolae_vaults_security_offices_1, nicolae_vaults_diamond_2,
          vaults_room_hallway, nicolae_vaults_network_barrier, v_misc_4,
          ontoclasm_vaults_ligature, nicolae_vaults_network_square,
          nicolae_vaults_house_1, ontoclasm_vaults_twist,
          nicolae_vaults_house_2, blue_anna_dwarven_crypt,
          layout_vaults_chaotic_city, uniq_mennas
Vaults:3: nicolae_vaults_house_3, nicolae_vaults_loss_of_containment, v_misc_29,
          v_misc_1, ontoclasm_vaults_spin, ontoclasm_vaults_loading_screen,
          v_misc_10, nicolae_vaults_rhombus_6, nicolae_vaults_little_squares_4,
          nicolae_vaults_little_squares_3, layout_vaults_ring, serial_shops,
          shop, uniq_jory, uniq_margery, uniq_xtahua
Vaults:4: v_misc_12, nicolae_vaults_little_squares_5, v_pattern_5,
          vaults_room_boxed, nicolae_vaults_yaktaur_gun_rack,
          nicolae_vaults_layer_cake_slice, nicolae_vaults_little_squares_6,
          vaults_room_grunt_arrival_ludios, vaults_room_grid,
          nicolae_vaults_oozy_zoo, nicolae_vaults_prndl,
          nicolae_vaults_angled_halls, nicolae_vaults_tetromino_L_1,
          layout_vaults_maze
Vaults:5
Depths:1: layout_roguey, serial_shops, nicolae_shop_trees, cheibriados_altar_2,
          grunt_hell_horde, nicolae_rare_books, elyvilon_altar_3, firewood_loft
Depths:2: minmay_spriggan_fort, layout_basic, rand_demon_pan_entry_4,
          kennysheep_cross_room, hell_entry, infiniplex_staircase_river
Depths:3: minmay_swirls_squares, layout_cave_shapes, enter_ziggurat_f,
          grunt_hell_entry_dis_grunt, serial_column_ruins,
          column_ruins_portal_squares, column_ruins_temple_circle,
          column_ruins_hut_ruined, column_ruins_grid_3,
          column_ruins_columns_straight, column_ruins_corridor_T,
          column_ruins_corridor_corner, column_ruins_corridor_straight,
          column_ruins_open_small, column_ruins_open_tiny,
          nicolae_abyss_entry_one_way_or_another, chequers_serial_rivers_marsh,
          roderic_serpentine_path, lemuel_flamethrower_3
Depths:4: evilmike_zot_entry_basic, layout_basic, hell_entry,
          minmay_misc_feat_ornament, minmay_three_doors, minmay_shop_grove
Zot:1:    layout_cellular_growth, grunt_ministairs_2, st_small_dragon_hoard_2
Zot:2:    layout_cathedral_of_symmetry, st_single_dragon_hoard_2
Zot:3:    layout_gridlike, hangedman_elemental_grid_stream
Zot:4:    layout_cathedral_of_symmetry, serial_nicolae_subway,
          nicolae_sub_station_metal, nicolae_sub_station_crystal,
          nicolae_sub_station_stone
Zot:5:    layout_basic

Skill      XL: |  1  2  3  4  5  6  7  8  9 10 11 12 13 14 15 16 17 18 19 20 21 22 23 24 |
---------------+-------------------------------------------------------------------------+-----
Ranged Weapons | 5 6 7 8 10 12 13 14 17 19 20 21 22 | 22.0
Fighting       | 3 4 5 7 8 9 10 11 13 16 18 20 21 24 26 27 | 27.0
Armour         | 1 3 4 5 6 7 8 9 10 12 14 16 19 22 | 22.0
Invocations    | 2 4 7 10 11 12 18 19 | 19.2
Dodging        | 3 5 6 8 9 13 15 18 20 22 | 22.0
Stealth        | |  0.7

Action                     |  1- 3 |  4- 6 |  7- 9 | 10-12 | 13-15 | 16-18 | 19-21 | 22-24 || total
---------------------------+-------+-------+-------+-------+-------+-------+-------+-------++-------
  Melee: Longbow           |       |       |       |       |       |       |       |     3 ||     3
         Bite              |       |       |       |       |       |       |       |     1 ||     1
   Fire: Shortbow          |    81 |    73 |       |       |       |       |       |       ||   154
         Arbalest          |       |    87 |   229 |   103 |       |       |       |       ||   419
         Longbow           |       |       |       |   384 |  1297 |  1651 |  1732 |  1234 ||  6298
 Invoke: Heroism           |       |       |    10 |    21 |    30 |    33 |    47 |    44 ||   185
         Finesse           |       |       |       |     4 |     8 |    12 |    15 |     8 ||    47
    Use: Scroll            |     1 |     7 |     8 |     3 |     8 |     3 |     3 |     3 ||    36
         Potion            |       |     4 |     1 |     1 |     2 |     2 |     2 |     1 ||    13
 Armour: Leather armour    |    11 |    20 |       |       |       |       |       |       ||    31
         Ring mail         |       |    14 |    53 |    76 |    58 |     3 |    89 |    58 ||   351
         Steam dragon scal |       |       |       |       |     6 |       |       |       ||     6
         Troll leather arm |       |       |       |       |     2 |    44 |       |       ||    46
  Dodge: Dodged            |    23 |    70 |   123 |   152 |   168 |   494 |   764 |   390 ||  2184

Table legend:
 A = Non-vault XP
 B = Vault XP
 C = Vault XP percentage of total XP
 D = Non-vault monster count
 E = Vault monster count
 F = Vault count percentage of total count
                 A         B        C        D         E       F
            +---------+---------+-------+---------+---------+-------
      Total |  572991 |  441148 |  43.5 |    1118 |     597 |  34.8
            +---------+---------+-------+---------+---------+-------
        D:1 |      59 |       6 |   9.2 |      16 |       4 |  20.0
        D:2 |      72 |      35 |  32.7 |      10 |       1 |   9.1
        D:3 |     213 |     111 |  34.3 |      25 |      14 |  35.9
        D:4 |     205 |     106 |  34.1 |       8 |       1 |  11.1
        D:5 |     560 |       0 |   0.0 |      11 |       0 |   0.0
        D:6 |     316 |       0 |   0.0 |       9 |       0 |   0.0
        D:7 |    1043 |     779 |  42.8 |      13 |       2 |  13.3
        D:8 |     612 |     629 |  50.7 |      16 |       9 |  36.0
        D:9 |    2653 |       0 |   0.0 |      31 |       0 |   0.0
       D:10 |    3838 |       0 |   0.0 |      26 |       0 |   0.0
       D:11 |    6002 |       0 |   0.0 |      26 |       0 |   0.0
       D:12 |    6038 |    2479 |  29.1 |      20 |      21 |  51.2
       D:13 |   10227 |    3058 |  23.0 |      27 |       4 |  12.9
       D:14 |   12035 |    9403 |  43.9 |      28 |      22 |  44.0
       D:15 |    8267 |    2710 |  24.7 |      15 |       3 |  16.7
     Lair:1 |    5361 |     761 |  12.4 |      18 |       4 |  18.2
     Lair:2 |    6839 |    3310 |  32.6 |      29 |       5 |  14.7
     Lair:3 |    4231 |    3348 |  44.2 |      11 |      12 |  52.2
     Lair:4 |    4467 |       0 |   0.0 |      18 |       0 |   0.0
     Lair:5 |   17140 |   16330 |  48.8 |      57 |      38 |  40.0
   Shoals:1 |    9774 |       0 |   0.0 |      21 |       0 |   0.0
   Shoals:2 |   11144 |    1302 |  10.5 |      20 |       1 |   4.8
   Shoals:3 |   13150 |    1947 |  12.9 |      30 |       3 |   9.1
   Shoals:4 |   10384 |   32578 |  75.8 |      22 |      49 |  69.0
   Spider:1 |   14146 |    1651 |  10.5 |      43 |       1 |   2.3
   Spider:2 |   16856 |    2900 |  14.7 |      40 |       2 |   4.8
   Spider:3 |    5363 |       0 |   0.0 |      11 |       0 |   0.0
   Spider:4 |   15291 |   17199 |  52.9 |      35 |      42 |  54.5
      Orc:1 |    1202 |       0 |   0.0 |      15 |       0 |   0.0
      Orc:2 |    2090 |    7874 |  79.0 |      17 |      36 |  67.9
   Vaults:1 |   10900 |   28061 |  72.0 |      31 |      36 |  53.7
   Vaults:2 |   38974 |   17183 |  30.6 |      57 |      17 |  23.0
   Vaults:3 |   33411 |   32384 |  49.2 |      51 |      39 |  43.3
   Vaults:4 |   31248 |   40507 |  56.5 |      46 |      46 |  50.0
   Vaults:5 |   30947 |   92659 |  75.0 |      42 |      76 |  64.4
   Depths:1 |   34643 |   10118 |  22.6 |      43 |      10 |  18.9
   Depths:2 |   16410 |   12985 |  44.2 |      21 |      27 |  56.2
   Depths:3 |   17579 |   30331 |  63.3 |      18 |      22 |  55.0
   Depths:4 |   30618 |   12163 |  28.4 |      31 |      11 |  26.2
      Zot:1 |   29775 |   15023 |  33.5 |      28 |      11 |  28.2
      Zot:2 |   38588 |    2456 |   6.0 |      30 |       1 |   3.2
      Zot:3 |   27196 |   14082 |  34.1 |      25 |      10 |  28.6
      Zot:4 |   28368 |       0 |   0.0 |      19 |       0 |   0.0
      Zot:5 |   14756 |   21204 |  59.0 |       8 |      10 |  55.6
   Gauntlet |       0 |    3476 | 100.0 |       0 |       7 | 100.0
            +---------+---------+-------+---------+---------+-------
